 Dungeon Crawl Stone Soup version 0.31-a0-1574-g5526595cd0 (webtiles) character file.

Game seed: 1619460837802821420

1196610 RepoMan the Prince of Secrets (level 27, -11/378 (396) HPs)
             Began as a Hill Orc Wanderer on Jan 3, 2024.
             Was a High Priest of Ashenzari.
             Engulfed by a cloud of excruciating misery (39 damage)
             ... on level 2 of the Tomb of the Ancients on Jan 4, 2024.
             The game lasted 11:20:15 (88315 turns).

RepoMan the Prince of Secrets (Hill Orc Wanderer)  Turns: 88315, Time: 11:20:16

HP:   -11/378 (396) AC: 34    Str: 35 (39) XL:     27
MP:   22/48         EV:  2    Int: 20      God:    Ashenzari [*****.]
Gold: 3925          SH: 32    Dex:  8 (10) Spells: 3/69 levels left

rFire   . . .        h - +16 consecrated labrys {holy, Valiant ^Fragile Fly SInv, Self, Dev} (curse)
rCold   . . .        P - +8 tower shield of the Wild Blue Yonder {Range, Bglg} (curse)
rNeg    . . .        m - melded +17 gold dragon scales of Ashenzari's Mistrust {rPois rF+ rC+ rN+++ Will+ MP-9 SInv, Fort, Melee} (curse)
rPois   +            K - melded +4 helmet of the Gnostic Moon {rElec Stlth+, Range, Bglg} (curse)
rElec   .            u - melded scarf "Gaze Upon Infinity" {rC+ rF+, Self, Dev} (curse)
rCorr   .            C - melded +2 pair of gloves "Ensconced Vexation" {Str+3, Melee, Bglg} (curse)
SInv    +            S - melded +2 pair of slick slippers {slick, slippery, EV+4, Cun, Melee} (curse)
Will    +++..        G - amulet of the Eternal Activism {Reflect Regen+ Str+3 Int+3 SH+5, Self, Cun} (curse)
Stlth   +            E - ring "Xewaogh" {EV+5 Str+6 Dex-2}
HPRegen 1.63/turn    W - ring of the Esoteric Visionary {Will+ Str+6, Dev, Self} (curse)
MPRegen 0.31/turn

%: reflection, clarity
@: tree-form, disjoining, hasted and slowed, studying Staves, lightly drained
A: stationary, stasis, torment immunity, boosted hp, clever 1, deterioration 1,
mutation resistance 1
}: 14/15 runes: decaying, slimy, silver, iron, obsidian, icy, bone, abyssal,
demonic, glowing, magical, fiery, dark, gossamer
a: Renounce Religion, Shatter the Chains


You were on level 2 of the Tomb of the Ancients.
You worshipped Ashenzari.
Ashenzari was extremely pleased with you.
You were a tree.
You visited 18 branches of the dungeon, and saw 86 of its levels.
You visited Pandemonium 1 time, and saw 19 of its levels.
You visited the Abyss 1 time.
You visited 2 bazaars.
You visited 1 ziggurat, and saw 10 of its levels.
You also visited: Trove, Bailey, Gauntlet, Ice Cave, Wizlab and Desolation.

You collected 14254 gold pieces.
You spent 10329 gold pieces at shops.

Inventory:

Hand Weapons
 h - the cursed +16 consecrated labrys (weapon) {holy, Valiant ^Fragile Fly SInv, Self, Dev}
   (You bought it in a shop on level 1 of the Elven Halls)

   Valiant:   It becomes more powerful as more dangerous foes come into view.
   SInv:      It lets you see invisible.
   Fly:       It grants you flight.
   ^Fragile:  It will be destroyed if unequipped.
   It has a curse which improves the following skills: Introspection: Fighting
   and Spellcasting.
   Devices:   Evocations and Shapeshifting.
Missiles
 j - a throwing net
 r - 5 curare-tipped darts
 F - 24 javelins
Armour
 a - the +5 cloak of Nogrou {Will+}
   (You found it on level 3 of the Elven Halls)

   Will+:     It increases your willpower.
 e - the +2 cloak of Divine Intervention {Dex+5}
   (You found it in Pandemonium)

   Dex+5:     It affects your dexterity (+5).
 k - the +8 orange crystal plate armour {Archmagi, Int+3 Clar}
   (You found it on level 7 of the Iron City of Dis)

   Int+3:     It affects your intelligence (+3).
   Clar:      It protects you from confusion, rage, mesmerisation and fear.
 m - the cursed +17 gold dragon scales of Ashenzari's Mistrust (melded) {rPois rF+ rC+ rN+++ Will+ MP-9 SInv, Fort, Melee}
   (You bought it in a shop on level 1 of the Vaults)

   rF+:       It protects you from fire.
   rC+:       It protects you from cold.
   rPois:     It protects you from poison rN+++: It renders you almost immune to
   negative energy.
   Will+:     It increases your willpower.
   MP-9:      It affects your magic capacity (-9).
   SInv:      It lets you see invisible.
   It has a curse which improves the following skills: Fortitude: Armour and
   Shields.
   Melee Combat: Short Blades, Long Blades, Axes, Maces & Flails, Polearms,
   Staves and Unarmed Combat.
 u - the cursed scarf "Gaze Upon Infinity" (melded) {rC+ rF+, Self, Dev}
   (You found it on level 4 of the Spider Nest)

   It has a curse which improves the following skills: Introspection: Fighting
   and Spellcasting.
   Devices:   Evocations and Shapeshifting.
 C - the cursed +2 pair of gloves "Ensconced Vexation" (melded) {Str+3, Melee, Bglg}
   (You found it in the Desolation of Salt)

   It has a curse which improves the following skills: Melee Combat: Short
   Blades, Long Blades, Axes, Maces & Flails, Polearms, Staves and Unarmed
   Combat.
   Beguiling: Hexes and Translocations.
 K - the cursed +4 helmet of the Gnostic Moon (melded) {rElec Stlth+, Range, Bglg}
   (You found it in a treasure trove)

   rElec:     It insulates you from electricity.
   Stlth+:    It makes you more stealthy.
   It has a curse which improves the following skills: Ranged Combat: Ranged
   Weapons and Throwing.
   Beguiling: Hexes and Translocations.
 P - the cursed +8 tower shield of the Wild Blue Yonder (worn) {Range, Bglg}
   (You took it off a vault warden on level 1 of the Vaults)

   It has a curse which improves the following skills: Ranged Combat: Ranged
   Weapons and Throwing.
   Beguiling: Hexes and Translocations.
 S - the cursed +2 pair of slick slippers (melded) {slick, slippery, EV+4, Cun, Melee}
   (You found it on level 10 of a ziggurat)

   Slick:     Its wearer cannot be constricted, engulfed, netted or webbed.
   Slippery:  Its wearer slips away from damaging melee attacks, pulling the
   attacker onward.
   EV+4:      It affects your evasion (+4).
   It has a curse which improves the following skills: Cunning: Dodging and
   Stealth.
   Melee Combat: Short Blades, Long Blades, Axes, Maces & Flails, Polearms,
   Staves and Unarmed Combat.
Jewellery
 g - the ring "Wolit" {rElec rF+ rN+ Str+2}
   (You found it on level 3 of the Crypt)

   [ring of positive energy]

   Str+2:     It affects your strength (+2).
   rF+:       It protects you from fire.
   rElec:     It insulates you from electricity.
   rN+:       It protects you from negative energy.
 s - the ring "Plog" {rElec rCorr Str+3}
   (You found it in the Desolation of Salt)

   [ring of resist corrosion]

   Str+3:     It affects your strength (+3).
   rElec:     It insulates you from electricity.
   rCorr:     It protects you from acid and corrosion.
 E - the ring "Xewaogh" (left branch) {EV+5 Str+6 Dex-2}
   (You found it in the Desolation of Salt)

   [ring of evasion]

   EV+5:      It affects your evasion (+5).
   Str+6:     It affects your strength (+6).
   Dex-2:     It affects your dexterity (-2).
 G - the cursed amulet of the Eternal Activism (around neck) {Reflect Regen+ Str+3 Int+3 SH+5, Self, Cun}
   (You found it on level 3 of the Elven Halls)

   [amulet of reflection]

   Reflect:   It reflects blocked missile attacks.
   Str+3:     It affects your strength (+3).
   Int+3:     It affects your intelligence (+3).
   Regen+:    It increases your rate of health regeneration.
   SH+5:      It affects your SH (+5).
   It has a curse which improves the following skills: Introspection: Fighting
   and Spellcasting.
   Cunning:   Dodging and Stealth.
 W - the cursed ring of the Esoteric Visionary (right branch) {Will+ Str+6, Dev, Self}
   (You found it in a Gauntlet)

   [ring of strength]

   Str+6:     It affects your strength (+6).
   Will+:     It increases your willpower.
   It has a curse which improves the following skills: Devices: Evocations and
   Shapeshifting.
   Introspection: Fighting and Spellcasting.
 Y - a ring of protection from cold
Wands
 x - a wand of digging (20)
 L - a wand of charming (63)
 Q - a wand of quicksilver (25)
 R - a wand of iceblast (57)
Scrolls
 d - 4 scrolls of enchant armour
 f - 12 scrolls of poison
 i - 3 scrolls of revelation
 n - 5 scrolls of immolation
 p - 39 scrolls of teleportation
 w - 4 scrolls of fog
 A - 2 scrolls of blinking
 D - 11 scrolls of vulnerability
 N - 2 scrolls of summoning
 U - 6 scrolls of fear
Potions
 b - 4 potions of berserk rage
 c - 15 potions of mutation
 l - a potion of haste
 q - a potion of cancellation
 v - 22 potions of curing
 y - 8 potions of brilliance
 B - 5 potions of invisibility
 H - 5 potions of magic
 J - 9 potions of resistance
 M - 21 potions of lignification
 O - 15 potions of enlightenment
 T - 9 potions of ambrosia
 X - a potion of might
Miscellaneous
 t - a box of beasts
 z - the horn of Geryon (inert)
 I - a tin of tremorstones (2/2)
 V - a phantom mirror
 Z - a lightning rod (4/4)


   Skills:
 + Level 21.1(24.9) Fighting
 + Level 22.5(22.7) Axes
 - Level 4.2(13.3) Polearms
 + Level 19.3(21.2) Throwing
 - Level 23.7 Armour
 - Level 12.4(14.4) Dodging
 + Level 19.4 Shields
 + Level 17.6(21.6) Spellcasting
 + Level 20.5(22.3) Hexes
 + Level 20.4(22.2) Translocations
 - Level 5.5 Air Magic
 - Level 3.3 Earth Magic
 * Level 26.8 Invocations
 - Level 6.9(10.1) Evocations
 - Level 14.5(17.6) Shapeshifting


You had 3 spell levels left.
You knew the following spells:

 Your Spells              Type           Power      Damage    Failure   Level
a - Manifold Assault      Tloc           84%        N/A       0%          4
b - Blink                 Tloc           100%       N/A       0%          2
c - Silence               Hex/Air        33%        N/A       1%          5
d - Dispersal             Tloc           42%        N/A       1%          6
e - Enfeeble              Hex            42%        N/A       1%          7
g - Apportation           Tloc           100%       N/A       0%          1
i - Iskenderun's Mystic   Conj/Tloc      60%        2d13      1%          4
l - Lesser Beckoning      Tloc           100%       N/A       0%          2
m - Volatile Blastmotes   Fire/Tloc      100%       2d18      1%          3
p - Passage of Golubria   Tloc           84%        N/A       0%          4
s - Momentum Strike       Conj/Tloc      100%       3d10      1%          2
v - Vhi's Electric Charg  Tloc/Air       100%       N/A       1%          4
w - Passwall              Erth           34%        N/A       2%          3
G - Gell's Gravitas       Tloc           84%        N/A       0%          3
J - Disjunction           Tloc           42%        N/A       2%          8
K - Discord               Hex            42%        N/A       1%          8

Your spell library contained the following spells:

 Spells                   Type           Power      Damage    Failure   Level
 Slow                     Hex            100%       N/A       0%          1
 Jinxbite                 Hex            100%       N/A       0%          2
 Confusing Touch          Hex            84%        N/A       0%          3
 Sigil of Binding         Hex            84%        N/A       0%          3
 Teleport Other           Tloc           84%        N/A       0%          3
 Tukima's Dance           Hex            84%        N/A       0%          3
 Sandblast                Erth           68%        2d15      1%          1
 Shock                    Conj/Air       100%       1d9       1%          1
 Ensorcelled Hibernation  Hex/Ice        100%       N/A       1%          2
 Dazzling Flash           Conj/Hex       100%       N/A       1%          3
 Inner Flame              Hex/Fire       60%        N/A       1%          3
 Swiftness                Air            43%        N/A       1%          3
 Cigotuvi's Dreadful Rot  Necr/Alch/Air  56%        N/A       2%          2
 Freeze                   Ice            84%        1d9       3%          1
 Kiss of Death            Conj/Necr      84%        2d11      3%          1
 Magic Dart               Conj           84%        1d7       3%          1
 Necrotise                Necr           84%        1d8       3%          1
 Sting                    Conj/Alch      84%        1d8       3%          1
 Summon Small Mammal      Summ           84%        N/A       3%          1
 Call Imp                 Summ           42%        N/A       4%          2
 Searing Ray              Conj           42%        2d6       4%          2
 Sublimation of Blood     Necr           21%        N/A       4%          2
 Mephitic Cloud           Conj/Alch/Air  28%        N/A       4%          3
 Stone Arrow              Conj/Erth      56%        3d10      4%          3
 Call Canine Familiar     Summ           21%        N/A       10%         3
 Frozen Ramparts          Ice            42%        1d7       10%         3
 Fugue of the Fallen      Necr           21%        N/A       10%         3
 Hailstorm                Conj/Ice       21%        3d7       10%         3
 Ozocubu's Armour         Ice            21%        N/A       10%         3
 Summon Ice Beast         Ice/Summ       21%        N/A       10%         3
 Vampiric Draining        Necr           21%        2d7       10%         3
 Cause Fear               Hex            42%        N/A       0%          4
 Dimensional Bullseye     Hex/Tloc       42%        N/A       0%          4
 Anguish                  Hex/Necr       30%        N/A       1%          4
 Metabolic Englaciation   Hex/Ice        30%        N/A       1%          5
 Summon Forest            Summ/Tloc      30%        N/A       1%          5
 Summon Mana Viper        Hex/Summ       60%        N/A       1%          5
 Airstrike                Air            21%        2d(4-20)  3%          4
 Brom's Barrelling Bould  Conj/Erth      28%        2d5       16%         4
 Leda's Liquefaction      Alch/Erth      14%        N/A       16%         4
 Petrify                  Alch/Erth      28%        N/A       16%         4
 Malign Gateway           Summ/Tloc      30%        N/A       26%         7
 Animate Dead             Necr           21%        N/A       30%         4
 Dispel Undead            Necr           21%        3d11      30%         4
 Flame Wave               Conj/Fire      21%        2d8       30%         4
 Fulminant Prism          Conj/Alch      10%        3d8       30%         4
 Ignite Poison            Fire/Alch      21%        N/A       30%         4
 Martyr's Knell           Necr/Summ      21%        N/A       30%         4
 Olgreb's Toxic Radiance  Alch           21%        N/A       30%         4
 Sticky Flame             Fire/Alch      21%        2d6       30%         4
 Summon Blazeheart Golem  Fire/Summ      21%        N/A       30%         4
 Freezing Cloud           Conj/Ice/Air   14%        6-21      38%         5
 Borgnjor's Vile Clutch   Necr/Erth      14%        N/A       41%         5
 Alistair's Intoxication  Alch           14%        N/A       65%         5
 Curse of Agony           Necr           21%        N/A       65%         5
 Fireball                 Conj/Fire      10%        3d6       65%         5
 Irradiate                Conj/Alch      10%        3d15      65%         5
 Iskenderun's Battlesphe  Conj           21%        2d7       65%         5
 Conjure Ball Lightning   Conj/Air       16%        3x3d6     83%         6
 Bombard                  Conj/Erth      14%        9d3       94%         6
 Death Channel            Necr           10%        N/A       99%         6
 Eringya's Noxious Bog    Alch           10%        4d6       99%         6
 Sculpt Simulacrum        Ice/Alch       10%        N/A       99%         6
 Summon Cactus Giant      Summ           10%        N/A       99%         6
 Haunt                    Necr/Summ      10%        N/A       100%        7
 Monstrous Menagerie      Summ           10%        N/A       100%        7
 Orb of Destruction       Conj           10%        9d6       100%        7
 Ozocubu's Refrigeration  Ice            10%        4d9       100%        7
 Spellforged Servitor     Conj/Summ      10%        N/A       100%        7
 Summon Hydra             Summ           10%        N/A       100%        7
 Borgnjor's Revivificati  Necr           10%        N/A       100%        8
 Ignition                 Fire           10%        3d5       100%        8
 Lehudib's Crystal Spear  Conj/Erth      14%        10d5      100%        8
 Summon Horrible Things   Summ           10%        N/A       100%        8
 Chain Lightning          Conj/Air       16%        3d21      100%        9
 Death's Door             Necr           10%        N/A       100%        9
 Dragon's Call            Summ           10%        N/A       100%        9
 Fire Storm               Conj/Fire      10%        8d3       100%        9
 Polar Vortex             Ice            10%        12d1*     100%        9
 Shatter                  Erth           17%        3d16*     100%        9


Dungeon Overview and Level Annotations

Branches:
Dungeon (15/15)            Temple (1/1) D:6            Lair (5/5) D:9
  Swamp (4/4) Lair:2       Spider (4/4) Lair:2        Slime (5/5) Lair:4
    Orc (2/2) D:11            Elf (3/3) Orc:2        Vaults (5/5) D:14
  Crypt (3/3) Vaults:2       Tomb (2/3) Crypt:3      Depths (4/4) D:15
   Hell (visited)             Dis (7/7) Hell            Geh (7/7) Hell
    Coc (7/7) Hell            Tar (7/7) Hell            Zot (4/5) Depths:4
 Bailey (visited)           IceCv (visited)          WizLab (visited)
Desolation (visited)      Gauntlet (visited)

Altars:
Ashenzari
Cheibriados
Dithmenos
Elyvilon
Fedhas
Gozag
Hepliaklqana
Kikubaaqudgha
Makhleb
Nemelex Xobeh
Okawaru
Qazlal
Ru
Sif Muna
Trog
Uskayaw
Vehumet
Wu Jian
Xom
Yredelemnul
Zin
The Shining One
Beogh
Ignis
Jiyva

Shops:
D:1 (   D:6 (:(?   D:7 (:   Orc:1 [   Orc:2 ::((   Elf:1 (!?   Vaults:1 :[[[
Vaults:5 :=[=   Depths:1 ::=   Depths:2 :   Depths:4 !*

Portals:
Hell: Depths:1 Depths:2 Depths:3 Depths:4
Abyss: Depths:3 Depths:4
Pandemonium: Depths:2 Depths:3

Annotations:
D:6 6 runed translucent doors


Innate Abilities, Weirdness & Mutations

You are a tree.
Your roots penetrate the ground, keeping you stationary.
You cannot be teleported.
You are immune to unholy pain and torment.
Your maximum health is greatly increased.
Your equipment is partially melded.
Your mind is acute. (Int +4, Str/Dex -1)
Your body sometimes deteriorates upon taking damage.
You are somewhat resistant to further mutation.


Message History

* * * LOW HITPOINT WARNING * * *
You block the death scarab's attack. You block the royal mummy's attack.
The death scarab bites you but does no damage.
You block the death scarab's attack.
Press: ? - help, v - describe, . - travel The floor.
There is a cloud of excruciating misery here.
You feel much better.
You are engulfed in excruciating misery.
* * * LOW HITPOINT WARNING * * *
The death scarab bites you!!
* * * LOW HITPOINT WARNING * * *
The death scarab draws strength from your injuries!
You block the death scarab's attack. You block the royal mummy's attack.
You block the death scarab's attack.
Press: ? - help, v - describe, . - travel The floor.
There is a cloud of excruciating misery here.
Unknown command.
You feel much better.
You are engulfed in excruciating misery.
* * * LOW HITPOINT WARNING * * *
Your body deteriorates!
You feel clumsy. You block the death scarab's attack.
The royal mummy mumbles some strange words.
You block the death scarab's attack. You block the mummy priest's attack.
Press: ? - help, v - describe, . - travel The floor.
There is a cloud of excruciating misery here.
Press: ? - help, v - describe, . - travel, g - get item
Here: a royal mummy Item here: a +0 robe of fire resistance.
A net trap.
Okay, then.
Casting: Manifold Assault (safe; 0% risk of failure)
Confirm with . or Enter, or press ? or * to list all spells.
The death scarab blinks!
The royal mummy blinks!
The emperor scorpion blinks!
The mummy priest blinks!
The royal mummy blinks!
The death scarab blinks!
You are engulfed in excruciating misery.
You die...

,................##*,
*....#######....##*^,
*#...*******...##*,,,
*#..,,∆,,,,,,..#*,,,,
,,,,,,,,*,,,,,,,,,,,,
,,,,,,,,*,{,,,,,,,,,,
,,,,,,,,,,,,{,,,,,^,,
*#############{******
*.........§§♣#,,∆,∆,,
*.....^...§§§#{,,,,,,
*.....B.s.s..M....z.,
*..........§.#......,
*............#......,
*#############*#####*


You could see a royal mummy and an emperor scorpion (summoned).

Vanquished Creatures
  Antaeus (Coc:7)
  Asmodeus (Geh:7)
  Gloorx Vloq (Pan)
  Ereshkigal (Tar:7)
  the Royal Jelly (Slime:5)
  Mnoleg (Pan)
  Lom Lobon (Pan)
  the Serpent of Hell (Dis:7)
  Frederick (Vaults:5)
  4 dread liches
  Tiamat (Zot:3)
  4 ancient liches
  Mara (Vaults:2)
  6 juggernauts
  3 royal mummies (Tomb:1)
  Boris (twice) (Crypt:2 Tomb:2)
  the Lernaean hydra (Swamp:4)
  Bai Suzhen (Swamp:3)
  12 shard shrikes
  2 curse toes
  Margery (Vaults:3)
  11 caustic shrikes
  Geryon (Hell)
  7 pandemonium lords
  Nikola (Vaults:1)
  13 golden dragons
  13 profane servitors
  the Enchantress (Depths:2)
  Arachne (Spider:2)
  A shard shrike zombie (Crypt:3)
  15 bone dragons
  13 Brimstone Fiends
  10 doom hounds
  16 Tzitzimimeh
  10 iron giants
  8 hellephants
  9 tainted leviathans
  9 liches
  11 tentacled monstrosities
  Jorgrun (Swamp:1)
  7 deep elf blademasters
  16 Hell Sentinels
  Mlioglotl (Spider:3)
  Zenata (Vaults:3)
  16 Ice Fiends
  Asterion (Elf:3)
  14 titans
  3 quicksilver dragons (Zot:4)
  15 searing wretches
  An eldritch tentacle (Abyss:3)
  7 deep elf master archers
  2 tentacled starspawn (Abyss:3)
  17 Executioners
  22 acid blobs
  3 death cobs
  22 ancient champions
  7 sphinxes
  6 tengu reavers
  12 shadow dragons
  Frances (Swamp:2)
  4 thorn hunters (WizLab)
  Aizul (Spider:2)
  16 storm dragons
  Donald (Vaults:4)
  4 fenstrider witches
  Kirke (Swamp:1)
  17 rockslimes
  17 azure jellies
  8 protean progenitors
  2 revenants
  4 draconian shifters
  2 draconian knights (Zot:2)
  A daeva (Zig:3)
  A nagaraja (Pan)
  26 narguns
  5 quicksilver elementals
  16 frost giants
  7 demonspawn warmongers
  30 fire giants
  7 emperor scorpions
  5 deep elf sorcerers
  3 draconian monks
  17 vault wardens
  6 iron dragons
  8 shard shrike simulacra
  6 draconian scorchers
  29 balrugs
  The ghost of Lamitaj the Severer, a journeyman DsGl of Lugonu (Elf:3)
  3 imperial myrmidons (Desolation)
  24 reapers
  12 ghost moths
  5 curse skulls
  17 cacodemons
  An orc warlord (D:14)
  4 spectral caustic shrikes (Depths:1)
  A deep elf elementalist (Elf:3)
  6 draconian stormcallers
  A juggernaut zombie (Crypt:3)
  5 draconian annihilators
  7 demonspawn corrupters
  11 stone giants
  2 caustic shrike zombies (Crypt:3)
  20 ironbound preservers
  A broodmother (Spider:3)
  An ophan (Zig:3)
  4 spriggan defenders (Depths:2)
  10 demonspawn blood saints
  8 quicksilver oozes
  20 very ugly things
  The ghost of Sp3rw3r the Fighter, a journeyman MiFi of the Shining One (Swamp:1)
  2 caustic shrike skeletons (Pan)
  3 juggernaut skeletons
  5 eleionomae
  18 elemental wellsprings
  11 ironbound thunderhulks
  4 putrid mouths
  5 demonspawn black suns
  6 vampire knights
  7 purple draconians
  9 green draconians
  A spectral titan (Tar:3)
  A minotaur (Gauntlet)
  6 spark wasps
  An apis (Zig:3)
  13 deep elf death magi
  12 red draconians
  26 war gargoyles
  4 deep elf demonologists
  Nessos (D:15)
  2 halazid warlocks (Desolation)
  11 white draconians
  8 deep elf annihilators
  12 dire elephants
  5 lorocyprocas
  2 bennus (Tomb:1)
  9 bunyips
  8 yellow draconians
  7 black draconians
  4 starcursed masses (Abyss:3)
  Azrael (Spider:2)
  The ghost of Bizboz the Thaumaturge, a journeyman DjAl of Ashenzari (Lair:1)
  15 wendigos
  15 eidola
  3 merfolk javelineers
  15 blizzard demons
  4 green deaths
  6 jiangshi (Crypt:2)
  7 entropy weavers
  5 shambling mangroves
  Josephine (Orc:2)
  12 iron golems
  10 yaktaur captains
  5 deep elf high priests
  5 crystal guardians
  2 ragged hierophants (Desolation)
  A spectral elf (Tar:2)
  6 ettins
  11 mummy priests
  6 ice dragons
  14 fire dragons
  11 great orbs of eyes
  4 spriggan zombies
  4 servants of whispers (Desolation)
  36 vault guards
  5 rakshasas
  2 spectral fenstrider witches (Swamp:1)
  6 spriggan air magi
  Erica (D:9)
  15 caustic shrike simulacra
  7 jorogumos
  5 salamander tyrants
  4 juggernaut simulacra
  23 hydras
  2 death knights
  A boulder beetle (shapeshifter) (D:15)
  4 hell beasts
  The ghost of Bizboz the Thaumaturge, a journeyman DjAl of Qazlal (D:10)
  2 catoblepae (Lair:5)
  14 peacekeepers
  4 alligators
  21 centaur warriors
  9 ironbound frosthearts
  3 ogre magi
  3 spriggan skeletons
  2 radroaches
  14 stokers
  4 merfolk aquamancers
  2 two-headed ogres (shapeshifter)
  A fenstrider witch skeleton (Tomb:1)
  24 dancing weapons
  A merfolk avatar (Abyss:3)
  9 boulder beetles
  16 two-headed ogres
  2 satyrs (WizLab)
  4 death scarabs (Tomb:1)
  15 deep troll earth magi
  15 death yaks
  A spectral dire elephant (Tar:5)
  6 spriggan berserkers
  4 thrashing horrors (Abyss:3)
  5 naga sharpshooters
  36 hell hogs
  4 occultists
  11 deep troll shamans
  2 tengu warriors
  Urug (D:11)
  A spectral naga (Tar:3)
  13 demonic crawlers
  7 vampire magi
  8 hell knights
  5 orc high priests
  36 soul eaters
  4 skysharks
  2 fire crabs (D:15)
  16 deep elf knights
  50 sun demons
  9 shadow wraiths
  10 crystal echidnas
  10 iron trolls
  18 sixfirhies
  3 wretched stars (Abyss:3)
  2 bunyip zombies (Crypt:3)
  2 pharaoh ants
  31 skeletal warriors
  2 quicksilver dragon simulacra
  5 spectral spriggans
  A fire crab (shapeshifter) (Depths:2)
  A spectral bunyip (Tar:2)
  13 arcanists
  4 goliath frogs
  An anaconda zombie (Tomb:1)
  A mana viper (shapeshifter) (Vaults:5)
  2 sea snakes (Zig:7)
  14 shadow demons
  62 deep trolls
  2 obsidian statues (IceCv)
  10 spriggan druids
  10 orb spiders
  3 glowing orange brains (Pan)
  2 mana vipers (Zot:2)
  6 orc knights
  15 bog bodies
  13 sun moths
  10 swamp dragons
  11 deep elf archers
  22 ironbound convokers
  An orange crystal statue (Vaults:3)
  A steelbarb worm (shapeshifter) (Vaults:5)
  6 spriggan simulacra
  8 flayed ghosts
  10 lindwurms
  34 phantasmal warriors
  13 large abominations
  3 kraken simulacra (Coc:7)
  An anaconda skeleton (Hell)
  12 harpies
  6 steelbarb worms
  24 deep elf zephyrmancers
  An alligator zombie (Hell)
  18 necromancers
  32 deep elf pyromancers
  5 orc sorcerers
  A stone giant zombie (Crypt:2)
  An oklob plant (WizLab)
  3 will-o-the-wisps
  26 wolf spiders
  An iron dragon zombie (Crypt:3)
  A tengu skeleton (Vaults:2)
  43 ugly things
  5 shining eyes
  A spectral centaur (Tar:1)
  28 moths of wrath
  An alligator skeleton (Hell)
  2 spectral ettins
  5 manticores
  7 black mambas
  5 fauns (WizLab)
  A moth of wrath (shapeshifter) (Vaults:5)
  A fire giant skeleton (Crypt:1)
  5 salamanders (Depths:4)
  11 cyclopes
  20 vault sentinels
  4 guardian serpents (Desolation)
  8 elephants
  2 stone giant skeletons (Vaults:2)
  9 meliai
  2 dire elephant zombies
  3 kobold blastminers
  4 centaur zombies
  5 eyes of devastation
  A water nymph (shapeshifter) (Vaults:1)
  6 ice statues
  7 torpor snails
  7 rust devils
  12 cane toads
  4 titan simulacra
  14 orange demons
  5 gargoyles
  2 unseen horrors
  A kobold demonologist (D:10)
  24 smoke demons
  6 molten gargoyles
  2 dire elephant skeletons
  2 naga skeletons (Crypt:3)
  28 hellions
  A sea snake zombie (Hell)
  A steelbarb worm zombie (Crypt:2)
  An unseen horror zombie (Crypt:1)
  4 rime drakes
  2 bunyip simulacra (Coc:2)
  7 anaconda simulacra
  An elf skeleton (Vaults:2)
  2 tengu conjurers
  37 yaktaurs
  6 guardian mummies
  16 freezing wraiths
  3 spectral death drakes (Swamp:1)
  2 efreet (Pan)
  6 ice devils
  A yaktaur skeleton (Vaults:2)
  4 red devils
  2 spectral harpies (Tar:1)
  10 komodo dragons
  18 tormentors
  2 iron giant simulacra
  A queen bee (Spider:4)
  A bloated husk (Zig:6)
  3 harpy zombies
  5 trolls
  A wind drake (D:15)
  A red draconian skeleton (Crypt:2)
  2 silent spectres
  2 golden dragon simulacra (IceCv)
  18 tarantellas
  16 blink frogs
  2 harpy skeletons (Crypt:3)
  23 hellwings
  37 hornets
  A raiju (shapeshifter) (D:15)
  8 dream sheep (Lair:5)
  A boulder beetle zombie (Crypt:2)
  50 saltlings (Desolation)
  4 hydra skeletons (Hell)
  Grinder (D:3)
  9 tyrant leeches
  A dream sheep (shapeshifter) (Vaults:5)
  2 iron dragon simulacra
  An ettin zombie (Crypt:1)
  2 stone giant simulacra
  6 glass eyes
  3 raiju
  A snapping turtle (Zig:7)
  A meliai zombie (Crypt:2)
  83 slime creatures
  18 jumping spiders
  37 spriggans
  2 ice dragon skeletons (Crypt:1)
  An orc simulacrum (Coc:2)
  2 shadows
  A spriggan (shapeshifter) (D:14)
  A deep troll skeleton (Vaults:2)
  11 air elementals
  33 yaks
  18 culicivoras
  A vampire (D:11)
  12 ynoxinuls
  4 basilisks
  8 wyverns
  6 dire elephant simulacra
  4 ushabtiu
  A human (Swamp:1)
  7 fire elementals
  6 water elementals
  A slime creature zombie (Crypt:2)
  16 wraiths
  A sea snake simulacrum (Hell)
  14 neqoxecs
  2 wargs
  5 golden eyes
  5 hogs (Swamp:1)
  36 redbacks
  2 alligator snapping turtle simulacra
  5 steam dragons
  A wind drake skeleton (Crypt:1)
  12 harpy simulacra
  18 swamp worms
  18 vampire mosquitoes
  10 chaos spawn
  A redback (shapeshifter) (Vaults:5)
  7 hell hounds
  An acid dragon (D:11)
  4 hydra simulacra
  2 death drake simulacra (Swamp:1)
  9 water moccasins
  An entropy weaver zombie (Crypt:2)
  An ice beast (D:7)
  7 swamp drakes (Swamp:4)
  A meliai simulacrum (D:15)
  A spectral torpor snail (Gauntlet)
  26 orc warriors
  3 black bears
  7 ettin simulacra
  A snapping turtle zombie (Crypt:1)
  13 small abominations
  15 laughing skulls
  30 wolves
  4 boggarts
  15 ogres
  7 centaurs
  7 phantoms
  A rime drake zombie (Crypt:1)
  27 bullfrogs
  5 kobold brigands (D:10)
  6 brain worms (Pan)
  2 gnoll sergeants (D:10)
  11 scorpions
  6 human skeletons (Vaults:2)
  A deep troll simulacrum (IceCv)
  3 earth elementals
  6 naga simulacra
  7 wyvern skeletons (Crypt:3)
  10 wights
  3 troll zombies (D:11)
  A lindwurm simulacrum (IceCv)
  A yak skeleton (Crypt:2)
  2 howler monkeys (D:10)
  22 killer bees
  3 bombardier beetles
  A troll skeleton (Crypt:2)
  6 electric eels
  A crimson imp (Abyss:3)
  2 hounds
  42 orc priests
  2 iguanas
  2 iron imps (Abyss:3)
  A sleepcap (D:6)
  40 orc wizards
  7 hell rats (Hell)
  3 ogre zombies (D:11)
  A hound skeleton (Crypt:1)
  18 mummies
  5 gnolls
  5 adders
  A shadow imp (D:7)
  2 white imps (D:7)
  4 ufetubi
  4 ribbon worms
  66 orcs
  8 bats
  9 endoplasms
  A giant cockroach (D:2)
  A gnoll zombie (D:11)
  6 goblins
  12 hobgoblins
  2 jackals (D:3)
  3 quokkas
  3 ball pythons
  2 frilled lizards
  4 gnoll skeletons (D:11)
  21 kobolds
  An orc skeleton (D:11)
  12 orc zombies (D:11)
  5 rats
  An aspiring flesh (Zot:2)
  3 creeping infernos
  6 fire vortices
  A spectral weapon (Elf:3)
  7 starspawn tentacles (Abyss:3)
  2 tentacles (Coc:7)
3767 creatures vanquished.

Vanquished Creatures (collateral kills)
  Cerebov (Pan)
  Dispater (Dis:7)
  A shard shrike (Coc:7)
  8 caustic shrikes
  An iron giant (Dis:7)
  2 Ice Fiends (Coc:6)
  A Hell Sentinel (Dis:7)
  An ancient champion (Dis:3)
  A quicksilver elemental (Dis:7)
  A reaper (Dis:2)
  A cacodemon (Dis:2)
  2 elemental wellsprings
  2 war gargoyles
  A crystal echidna (Dis:5)
  A spriggan simulacrum (Coc:7)
  A hellion (Dis:6)
  An iron giant simulacrum (Coc:7)
  2 tormentors (Dis:2)
  A killer bee (D:9)
  A fire vortex (Pan)
31 creatures vanquished.

Vanquished Creatures (others)
  4 shard shrikes
  4 caustic shrikes
  An Executioner (Zig:10)
  2 eldritch tentacles
  4 fire giants
  A reaper (Pan)
  A lorocyproca (Pan)
  A red draconian (Zot:3)
  A yellow draconian (Zot:3)
  A wendigo (Coc:3)
  A green death (Pan)
  An ogre mage (Vaults:1)
  A two-headed ogre (Vaults:4)
  2 swamp dragons
  A spriggan simulacrum (Coc:2)
  A deep elf pyromancer (D:12)
  A deep elf zephyrmancer (Elf:3)
  An ugly thing (D:12)
  2 moths of wrath (Vaults:4)
  A gargoyle (D:10)
  An unseen horror (D:12)
  A bunyip simulacrum (Coc:2)
  2 trolls (D:12)
  A bloated husk (Swamp:1)
  A tarantella (Zig:9)
  A yak (D:10)
  An alligator snapping turtle simulacrum (Coc:3)
  A boggart (Vaults:4)
  A centaur (D:12)
  A naga simulacrum (Coc:7)
  A killer bee (D:9)
  An orc priest (D:14)
  2 orc wizards
  An adder (D:6)
  2 orcs (D:6)
  An orc zombie (D:11)
  3 ball lightnings (Pan)
  A fire vortex (Geh:6)
  2 foxfires (Swamp:3)
  2 starspawn tentacles (Abyss:3)
  6 tentacles (Coc:7)
65 creatures vanquished.

Grand Total: 3863 creatures vanquished

Notes
Turn   | Place    | Note
-------+----------+-------------------------------------------
     0 | D:1      | RepoMan the Hill Orc Wanderer began the quest for the Orb.
     0 | D:1      | RepoMan set off with the following items: a +0 trident, a
                  | wand of polymorph (6), a potion of mutation, a +0 robe; and
                  | the following spell memorised: Apportation; and the
                  | following spells available to memorise: Teleport Other.
     0 | D:1      | Reached XP level 1. HP: 16/16 MP: 2/2
   150 | D:1      | Reached XP level 2. HP: 23/23 MP: 3/3
   361 | D:1      | Learned a level 2 spell: Blink
   618 | D:1      | Found Plog's Weapon Shoppe.
   926 | D:2      | Reached XP level 3. HP: 25/28 MP: 4/4
  1268 | D:3      | Noticed Grinder
  1396 | D:3      | Reached XP level 4. HP: 22/36 MP: 5/5
  1403 | D:3      | HP: 1/36 [orc/+0 mace (5)]
  1460 | D:3      | Reached skill level 1 in Axes
  1695 | D:3      | Found a shadowy altar of Dithmenos.
  1837 | D:4      | Reached XP level 5. HP: 41/41 MP: 6/6
  2050 | D:4      | Noticed a phantom
  2088 | D:4      | Killed a phantom
  2089 | D:4      | Reached skill level 1 in Armour
  2450 | D:4      | You fall into a shaft and drop 2 floors!
  2463 | D:6      | Reached XP level 6. HP: 46/48 MP: 7/7
  2545 | D:6      | Found a runed translucent door.
  2572 | D:6      | Found Obunot's Magic Scroll Boutique.
  2605 | D:6      | Bought a scroll of teleportation for 36 gold pieces
  2605 | D:6      | Bought a scroll of identify for 24 gold pieces
  2605 | D:6      | Bought a scroll of identify for 24 gold pieces
  2605 | D:6      | Bought a scroll of fear for 48 gold pieces
  2607 | D:6      | Identified a scroll of acquirement
  2610 | D:6      | Acquired the +5 broad axe "Rangaroi" {elec, rN+}
  2616 | D:5      | Entered Level 5 of the Dungeon
  2617 | D:5      | Noticed a black bear
  2714 | D:6      | Noticed a black bear
  2739 | D:6      | Killed a black bear
  2740 | D:6      | Reached skill level 5 in Axes
  2774 | D:6      | Reached XP level 7. HP: 55/55 MP: 9/9
  3146 | D:5      | Reached XP level 8. HP: 61/61 MP: 11/11
  3241 | D:5      | Noticed Eustachio
  3269 | D:5      | Eustachio changed into Eustachio the ribbon worm
  3269 | D:5      | Noticed Eustachio
  3277 | D:5      | Killed Eustachio the ribbon worm
  3302 | D:5      | Identified the +1 leather armour "Agevivel" {Fly Str+3}
  3894 | D:5      | Reached skill level 5 in Armour
  4106 | D:4      | Reached XP level 9. HP: 70/71 MP: 12/12
  4403 | D:6      | Found Zeivieff's Antique Weapon Emporium.
  4556 | D:6      | Found a staircase to the Ecumenical Temple.
  4583 | Temple   | Entered the Ecumenical Temple
  4601 | Temple   | Became a worshipper of Ashenzari the Shackled
  4680 | D:6      | Found Masm's Antique Weapon Emporium.
  4685 | D:6      | Found Kuetyl's Book Boutique.
  5102 | D:6      | Found a large runed translucent door.
  5102 | D:6      | Found a large runed translucent door.
  5102 | D:6      | Found a runed translucent door.
  5103 | D:6      | Found a runed translucent gate.
  5104 | D:6      | Found a runed translucent gate.
  5104 | D:6      | Found a runed translucent gate.
  5109 | D:6      | Found a roughly hewn altar of Beogh.
  5234 | D:6      | Bought a book of Spatial Translocations for 180 gold pieces
  5237 | D:6      | Learned a level 2 spell: Lesser Beckoning
  5240 | D:6      | Learned a level 2 spell: Momentum Strike
  5262 | D:7      | Found Dies's Book Emporium.
  5272 | D:7      | Reached skill level 5 in Fighting
  5272 | D:7      | Reached skill level 10 in Axes
  5763 | D:7      | Found Tohol's Weapon Boutique.
  5971 | D:7      | Found a white marble altar of Elyvilon.
  6575 | D:8      | Reached XP level 10. HP: 55/83 MP: 8/13
  6673 | D:8      | Found a flagged portal.
  6681 | D:8      | Reached skill level 5 in Translocations
  6692 | Bailey   | Entered a bailey
  6925 | Bailey   | Noticed a two-headed ogre
  6931 | Bailey   | Killed a two-headed ogre
  7154 | D:8      | Reached * piety under Ashenzari
  7587 | D:8      | Found a radiant altar of Vehumet.
  7587 | D:8      | Found a sacrificial altar of Ru.
  7587 | D:8      | Found a snail-covered altar of Cheibriados.
  7587 | D:8      | Found a bloodstained altar of Trog.
  7588 | D:8      | Found an ancient bone altar of Kikubaaqudgha.
  7588 | D:8      | Found a stormy altar of Qazlal.
  7589 | D:8      | Found a sparkling altar of Nemelex Xobeh.
  7589 | D:8      | Found a blossoming altar of Fedhas.
  7589 | D:8      | Found a basalt altar of Yredelemnul.
  7605 | D:8      | Reached ** piety under Ashenzari
  7864 | D:8      | Found an iron altar of Okawaru.
  8005 | D:9      | Noticed Erica
  8017 | D:9      | Killed Erica
  8018 | D:9      | Reached skill level 1 in Shields
  8326 | D:9      | Found a staircase to the Lair.
  8444 | D:9      | Reached XP level 11. HP: 83/97 MP: 16/16
  9197 | D:10     | Entered Level 10 of the Dungeon
  9250 | D:10     | Noticed a cyclops
  9261 | D:10     | Killed a cyclops
  9288 | D:10     | Noticed a two-headed ogre
  9316 | D:10     | Killed a two-headed ogre
  9440 | D:10     | Found a glowing silver altar of Zin.
  9475 | D:10     | Noticed a two-headed ogre
  9709 | D:10     | Killed a two-headed ogre
  9716 | D:10     | Noticed a soul eater
  9718 | D:10     | Noticed a sun demon
 10024 | D:10     | Found a transporter.
 10024 | D:10     | Noticed Bizboz's ghost (journeyman DjAl)
 10024 | D:10     | Noticed a two-headed ogre
 10028 | D:10     | Noticed a fire dragon
 10032 | D:10     | Noticed a two-headed ogre
 10061 | D:10     | Found a transporter.
 10241 | D:10     | Identified the amulet of Daclaan {Acrobat rN+ Dex+6}
 10358 | D:10     | Found an ornate altar of the Wu Jian Council.
 10736 | D:11     | Reached *** piety under Ashenzari
 10833 | D:11     | Noticed Urug
 10850 | D:11     | Killed Urug
 10882 | D:11     | Noticed a cyclops
 10897 | D:11     | Killed a cyclops
 10898 | D:11     | Reached XP level 12. HP: 94/112 MP: 18/18
 10917 | D:11     | Reached skill level 15 in Axes
 11111 | D:11     | Found a staircase to the Orcish Mines.
 11811 | D:10     | Reached **** piety under Ashenzari
 11857 | Lair:1   | Entered Level 1 of the Lair of Beasts
 12125 | Lair:1   | Reached skill level 5 in Shields
 12337 | Lair:1   | Identified the +7 ring mail "Daeket" {+Blink rF+ Int+3
                  | Dex-3}
 12470 | Lair:1   | Reached skill level 10 in Fighting
 12835 | Lair:1   | Found a runed translucent gate.
 12838 | Lair:1   | Found a runed translucent gate.
 12839 | Lair:1   | Found a runed translucent gate.
 12845 | Lair:1   | Noticed Bizboz's ghost (journeyman DjAl)
 13269 | Lair:2   | Reached skill level 10 in Armour
 13715 | Lair:2   | Reached XP level 13. HP: 118/124 MP: 17/20
 13884 | Lair:2   | Found a hole to the Spider Nest.
 14059 | Lair:2   | Found a staircase to the Swamp.
 15465 | Lair:4   | Found an opulent altar of Gozag.
 15694 | Lair:4   | Found a viscous altar of Jiyva.
 15695 | Lair:4   | Found a staircase to the Slime Pits.
 15991 | Lair:4   | Acquired 809 gold pieces
 16344 | Lair:5   | Entered Level 5 of the Lair of Beasts
 16457 | Lair:5   | Found a gate leading to a gauntlet.
 16461 | Gauntlet | Entered a Gauntlet
 16461 | Gauntlet | Found a transporter.
 16461 | Gauntlet | Found a transporter.
 16462 | Gauntlet | Found a transporter.
 16465 | Gauntlet | Found a transporter.
 16476 | Gauntlet | Found a transporter.
 16485 | Gauntlet | Found a transporter.
 16491 | Gauntlet | Found a transporter.
 16500 | Gauntlet | Found a transporter.
 16507 | Gauntlet | Found a transporter.
 16527 | Gauntlet | Identified the ring "Qaikhet" {Will+ Str+6}
 16538 | Gauntlet | Found a transporter.
 16611 | Gauntlet | Found a transporter.
 16638 | Gauntlet | Found a transporter.
 16707 | Gauntlet | Reached XP level 14. HP: 121/138 MP: 22/22
 16809 | Gauntlet | Identified Ohoiraic's Secrets of Cadavers
 16810 | Gauntlet | Identified the +8 mace of Xeont {freeze, Int+2 Dex+4
                  | Stlth+}
 17034 | Lair:5   | Reached skill level 5 in Dodging
 17114 | Lair:5   | Learned a level 4 spell: Manifold Assault
 17760 | Lair:5   | Noticed a dire elephant
 17773 | Lair:5   | Reached skill level 10 in Shields
 17775 | Lair:5   | Killed a dire elephant
 17801 | Lair:5   | Learned a level 4 spell: Passage of Golubria
 18229 | Lair:5   | Reached XP level 15. HP: 109/149 MP: 20/23
 18708 | D:6      | Bought a crystal war axe for 263 gold pieces
 18708 | D:6      | Identified the +3 war axe "Otoh" {holy, ^Fragile Will+
                  | Str+2} (You bought it in a shop on level 6 of the Dungeon)
 18714 | D:6      | Bought a book of Displacement for 220 gold pieces
 18718 | D:6      | Learned a level 3 spell: Gell's Gravitas
 18848 | Orc:1    | Entered Level 1 of the Orcish Mines
 18950 | Orc:1    | Found a roughly hewn altar of Beogh.
 18960 | Orc:1    | Found Wuigiull's Antique Armour Emporium.
 18994 | Orc:2    | Entered Level 2 of the Orcish Mines
 19157 | Orc:1    | Noticed Josephine
 19172 | Orc:2    | Killed Josephine
 19319 | Orc:2    | Found a staircase to the Elven Halls.
 19319 | Orc:2    | Found a roughly hewn altar of Beogh.
 19619 | Orc:2    | Found Lywkatur's Antique Weapon Emporium.
 19619 | Orc:2    | Found Aceopoiv's Book Shoppe.
 19620 | Orc:2    | Found Mijeor's Book Shoppe.
 19624 | Orc:2    | Found Zeoptaq's Antique Weapon Emporium.
 19639 | Orc:2    | Bought a jewelled hand axe for 256 gold pieces
 19639 | Orc:2    | Identified the +9 hand axe "Erhu" {flame, rF+} (You bought
                  | it in a shop on level 2 of the Orcish Mines)
 19973 | Spider:1 | Entered Level 1 of the Spider Nest
 20009 | Spider:1 | Found a frozen archway.
 20018 | IceCv    | Entered an ice cave
 20023 | IceCv    | Reached skill level 1 in Shapeshifting
 20269 | IceCv    | Gained mutation: You are frail. (-10% HP) [a neqoxec]
 21242 | IceCv    | Noticed an Ice Fiend
 21242 | IceCv    | Noticed an Ice Fiend
 21724 | Spider:1 | Reached skill level 5 in Shapeshifting
 22629 | Spider:2 | Reached ***** piety under Ashenzari
 22804 | Spider:2 | Reached XP level 16. HP: 108/145 MP: 18/25
 22919 | Spider:2 | Identified the +9 great sword "Atosugia" {speed, rElec
                  | SInv}
 23567 | Spider:2 | Lost mutation: You are frail. (-10% HP) [potion of
                  | mutation]
 23567 | Spider:2 | Gained mutation: You are somewhat resistant to further
                  | mutation. [potion of mutation]
 23567 | Spider:2 | Gained mutation: You possess an exceptional clarity of
                  | mind. [potion of mutation]
 23567 | Spider:2 | Gained mutation: You are covered in fur. (AC +1) [potion of
                  | mutation]
 23589 | Spider:2 | Noticed Arachne
 23618 | Spider:2 | Noticed Azrael
 23909 | Spider:2 | Killed Azrael
 24058 | Spider:2 | Killed Arachne
 24474 | Spider:3 | Identified the serpent talisman of the Trees {Int+3 Dex+4
                  | SInv}
 24474 | Spider:3 | Noticed Aizul
 24494 | Spider:2 | Killed Aizul
 24605 | Spider:3 | Noticed Mlioglotl
 24668 | Spider:3 | Killed Mlioglotl
 25128 | Spider:3 | Reached skill level 10 in Shapeshifting
 25190 | Spider:3 | Identified the cursed +0 pair of gloves "Ruined
                  | Desperation" {Self, Comp} (You found it on level 5 of the
                  | Dungeon)
 25190 | Spider:3 | Identified the cursed +1 pair of boots "Prescient Inaction"
                  | {Stlth+, Fort, Self} (You found it in a Gauntlet)
 25640 | Spider:4 | Entered Level 4 of the Spider Nest
 27201 | Spider:4 | Reached XP level 17. HP: 151/172 MP: 15/27
 27589 | Spider:4 | Got a gossamer rune of Zot
 27858 | Lair:2   | Upgraded the game from 0.31-a0-1555-g5715333c33 to
                  | 0.31-a0-1574-g5526595cd0
 27901 | Swamp:1  | Entered Level 1 of the Swamp
 27902 | Swamp:1  | Identified the +4 dire flail of Lebrotzu {antimagic, *Rage
                  | Dex+3 Stlth+}
 28165 | Swamp:1  | Found a runed translucent gate.
 28165 | Swamp:1  | Found a runed translucent gate.
 28165 | Swamp:1  | Found a runed translucent gate.
 28168 | Swamp:1  | Noticed Sp3rw3r's ghost (journeyman MiFi)
 28571 | Swamp:1  | Noticed Kirke
 28578 | Swamp:1  | Killed Kirke
 28635 | Swamp:1  | Noticed Jorgrun
 28649 | Swamp:1  | Killed Jorgrun
 28880 | Swamp:2  | Noticed Frances
 28894 | Swamp:2  | Killed Frances
 29472 | Swamp:3  | Noticed Bai Suzhen
 29775 | Swamp:3  | Killed Bai Suzhen
 30341 | Swamp:4  | Entered Level 4 of the Swamp
 30367 | Swamp:4  | Reached XP level 18. HP: 168/173 MP: 18/26
 30622 | Swamp:4  | Reached skill level 15 in Fighting
 30635 | Swamp:4  | Noticed the 27-headed Lernaean hydra
 30888 | Swamp:4  | Killed the 26-headed Lernaean hydra
 31028 | Swamp:4  | Got a decaying rune of Zot
 31774 | Elf:1    | Entered Level 1 of the Elven Halls
 31974 | Elf:1    | Identified the amulet of Riaph {RegenMP rPois Dex+2}
 32352 | Elf:1    | Found Quwkim's Magic Scroll Shoppe.
 32354 | Elf:1    | Found Beoky's Distillery.
 32357 | Elf:1    | Found Inky's Weapon Shoppe.
 32364 | Elf:1    | Bought the +4 consecrated labrys {holy, Valiant ^Fragile
                  | Fly SInv} for 558 gold pieces
 32364 | Elf:1    | Found the +4 consecrated labrys {holy, Valiant ^Fragile Fly
                  | SInv}
 32370 | Elf:1    | Bought a potion of lignification for 54 gold pieces
 32370 | Elf:1    | Bought a potion of brilliance for 72 gold pieces
 32370 | Elf:1    | Bought a potion of brilliance for 72 gold pieces
 32370 | Elf:1    | Bought a potion of resistance for 180 gold pieces
 32370 | Elf:1    | Bought a potion of curing for 54 gold pieces
 32370 | Elf:1    | Bought 2 potions of enlightenment for 180 gold pieces
 32370 | Elf:1    | Bought a potion of cancellation for 144 gold pieces
 32370 | Elf:1    | Bought a potion of brilliance for 72 gold pieces
 32370 | Elf:1    | Bought a potion of might for 72 gold pieces
 32379 | Elf:1    | Bought a scroll of enchant armour for 135 gold pieces
 32379 | Elf:1    | Bought a scroll of blinking for 135 gold pieces
 32379 | Elf:1    | Bought a scroll of teleportation for 54 gold pieces
 32379 | Elf:1    | Bought a scroll of fear for 72 gold pieces
 33114 | Elf:2    | Paralysed by an air elemental for 1 turns
 33177 | Elf:2    | Found a runed translucent gate.
 33177 | Elf:2    | Found a runed translucent gate.
 33181 | Elf:2    | Found a runed translucent gate.
 33417 | Elf:3    | Entered Level 3 of the Elven Halls
 33780 | Elf:3    | Noticed Asterion
 33786 | Elf:3    | Killed Asterion
 33787 | Elf:3    | Reached skill level 10 in Translocations
 33916 | Elf:3    | Noticed a deep elf blademaster
 33920 | Elf:3    | Found a transporter.
 33923 | Elf:3    | Noticed a deep elf blademaster
 33924 | Elf:3    | Found a bloodstained altar of Trog.
 33924 | Elf:3    | Noticed Lamitaj's ghost (journeyman DsGl)
 33934 | Elf:3    | Noticed a deep elf blademaster
 33935 | Elf:3    | Found a transporter.
 33939 | Elf:3    | Identified the +0 leather armour "Xunoh" {Regen+ Str-3
                  | Int+4}
 33939 | Elf:3    | Noticed a deep elf blademaster
 34227 | Elf:3    | Noticed a deep elf master archer
 34228 | Elf:3    | Noticed a deep elf blademaster
 34230 | Elf:3    | Noticed a deep elf master archer
 34231 | Elf:3    | Killed a deep elf blademaster
 34232 | Elf:3    | Reached XP level 19. HP: 193/193 MP: 17/29
 34235 | Elf:3    | Paralysed by an air elemental for 1 turns
 34254 | Elf:3    | Noticed a Tzitzimitl
 34379 | Elf:3    | Identified the +0 plate armour of Responsibility {rF+ rC-
                  | Stlth+}
 34428 | Elf:3    | Identified the +5 dagger "Ichemept" {drain, Str-5 Int+7}
 34428 | Elf:3    | Identified the ring "Urghil" {rElec rPois AC+4 Str+4}
 34595 | Elf:3    | Identified the +0 ring mail of Oskeitiveo {Harm rF+ Str+5}
 34602 | Elf:3    | Reached ****** piety under Ashenzari
 34606 | Elf:3    | Identified the amulet "Ypozocuz" {Reflect Regen+ Str+3
                  | Int+3 SH+5}
 34610 | Elf:3    | Identified the +5 cloak of Nogrou {Will+}
 34699 | Elf:3    | Identified the ring "Syaxetho" {rCorr Dex+3}
 34699 | Elf:3    | Identified the ring of Temperance {Fly Dex+5}
 34699 | Elf:3    | Identified the staff "Penwaofuu" {MP+9 SInv Earth}
 34711 | Elf:3    | Identified the Handbook of Geometries and Despicable
                  | Liturgies
 34724 | Elf:3    | Identified the +2 shortbow of the Brewing Moth {heavy,
                  | Str+4 Int+4}
 34724 | Elf:3    | Identified the amulet "Vousch" {-Tele rF+ Regen+ Dex+3}
 35540 | D:12     | Found a shimmering altar of Xom.
 36992 | D:14     | Identified the +0 hat of the Fiend {rN+}
 36998 | D:14     | Found a roughly hewn altar of Beogh.
 37167 | D:14     | Found an ornate altar of the Wu Jian Council.
 37406 | D:14     | Found a gate to the Vaults.
 37780 | D:14     | Found a transporter.
 37783 | D:14     | Found a transporter.
 38469 | D:15     | Entered Level 15 of the Dungeon
 38553 | D:15     | Paralysed by an air elemental for 1 turns
 38627 | D:15     | Found a staircase to the Depths.
 38627 | D:15     | Identified Guitaop's Anthology of Ozone and Metal
 38632 | D:15     | Reached XP level 20. HP: 211/211 MP: 15/32
 38650 | D:15     | Learned a level 4 spell: Vhi's Electric Charge
 39562 | D:15     | Noticed Nessos
 39567 | D:15     | Killed Nessos
 39832 | Vaults:1 | Entered Level 1 of the Vaults
 39839 | Vaults:1 | Found Linn's Antique Armour Boutique.
 40237 | Vaults:1 | Found Secorchuag's Armour Shop.
 40782 | Vaults:1 | Found Zuwer's Antique Armour Emporium.
 40782 | Vaults:1 | Noticed Nikola
 40791 | Vaults:1 | Killed Nikola
 41198 | Vaults:1 | Reached XP level 21. HP: 187/220 MP: 32/35
 41231 | Vaults:1 | Found Ajumm's Book Shop.
 41599 | Vaults:1 | Reached skill level 10 in Dodging
 41821 | Vaults:2 | Identified the +11 dagger "Giypn" {holy, Will+ Str+7 Int-2}
 41954 | Vaults:2 | Reached skill level 15 in Armour
 42386 | Vaults:2 | Reached skill level 5 in Spellcasting
 42442 | Vaults:2 | Found a staircase to the Crypt.
 42732 | Vaults:2 | Noticed Mara
 42735 | Vaults:2 | Killed Mara
 42743 | Vaults:2 | Acquired the ring "Fil Dul" {rN+ Will+ Str+2}
 43734 | Vaults:3 | Identified the +0 ring mail of Maas {rElec rC++ Dex-4
                  | Stlth+}
 43854 | Vaults:3 | Noticed Zenata
 43872 | Vaults:3 | Killed Zenata
 43886 | Vaults:3 | Reached XP level 22. HP: 218/233 MP: 34/41
 43920 | Vaults:3 | Noticed Margery
 43925 | Vaults:3 | Killed Margery
 45482 | Vaults:4 | Found a crumbling gateway.
 45533 | Desolati | Entered the Desolation of Salt
 45586 | Desolati | Identified the ring of Urebuupn {Ice ^Contam ^Drain rPois
                  | SInv}
 45634 | Desolati | Identified the +0 mace "Loopy" {venom, Dex+3}
 45763 | Desolati | Identified the ring "Xewaogh" {EV+5 Str+6 Dex-2}
 45763 | Desolati | Identified the +8 arbalest of Starshine {elec, ^Fragile
                  | rElec Dex+5}
 45765 | Desolati | Identified the +11 hand axe "Juixe" {venom, rC+}
 45806 | Desolati | Identified the +7 fire dragon scales of Oror {rF++ rC-
                  | Int+3 Dex-3}
 45816 | Desolati | Identified the ring "Plog" {rElec rCorr Str+3}
 45936 | Desolati | Found the +4 skin of Zhor {*Englaciate rC+++ SInv}
 46537 | Vaults:4 | Found a bloodstained altar of Trog.
 46537 | Vaults:4 | Found the necklace of Bloodlust {Fury *Rage Will++ Int-3
                  | Slay+6}
 46537 | Vaults:4 | Identified the +1 crystal plate armour of Ecsiuku {rF+ rC-
                  | Str+4}
 46582 | Vaults:4 | Found a transporter.
 46963 | Vaults:4 | Noticed Donald
 47006 | Vaults:4 | Killed Donald
 47358 | Vaults:1 | Bought a faintly humming leather armour for 168 gold pieces
 47358 | Vaults:1 | Identified the +2 leather armour of Kuysigg {-Cast Rampage
                  | Fly rN++} (You bought it in a shop on level 1 of the
                  | Vaults)
 47358 | Vaults:1 | Bought pitted gold dragon scales for 2040 gold pieces
 47358 | Vaults:1 | Identified the +17 gold dragon scales of Azosm {rPois rF+
                  | rC+ rN+++ Will+ MP-9 SInv} (You bought it in a shop on
                  | level 1 of the Vaults)
 47628 | Vaults:4 | Found a transporter.
 47628 | Vaults:4 | Found a runed translucent door.
 48030 | Crypt:1  | Entered Level 1 of the Crypt
 48070 | Crypt:1  | Reached XP level 23. HP: 232/232 MP: 10/42
 48897 | Crypt:2  | Reached skill level 1 in Air Magic
 49096 | Crypt:2  | Noticed a dread lich
 49102 | Crypt:2  | Killed a dread lich
 49204 | Crypt:1  | Found an ancient bone altar of Kikubaaqudgha.
 49655 | Crypt:2  | Noticed Boris
 49658 | Crypt:2  | Killed Boris
 49862 | Crypt:3  | Entered Level 3 of the Crypt
 50249 | Crypt:3  | Found an ancient bone altar of Kikubaaqudgha.
 50592 | Crypt:3  | Found a staircase to the Tomb.
 50872 | Crypt:3  | Identified the Secrets of Darkness
 50958 | Crypt:3  | Reached skill level 5 in Evocations
 51154 | Crypt:3  | Identified Vila's Octavo of Translocation
 51160 | Crypt:3  | Noticed an ancient lich
 51165 | Crypt:3  | Killed an ancient lich
 51223 | Crypt:3  | Identified the +7 rapier of Descent {flame, +Blink rElec
                  | rN+ Str-2}
 51425 | Crypt:3  | Reached XP level 24. HP: 117/245 MP: 29/44
 51524 | Crypt:3  | Identified the ring "Wolit" {rElec rF+ rN+ Str+2}
 51524 | Crypt:3  | Identified the ring "Neocku Cudi" {^Contam rC+ rN+ Str+3
                  | Int+3}
 51569 | Crypt:3  | Reached skill level 10 in Spellcasting
 52010 | Depths:1 | Entered Level 1 of the Depths
 52034 | Depths:1 | Identified the +1 leather armour of Resourcefulness {rPois
                  | rF- Str-2 Int+8}
 52102 | Depths:1 | Found a gateway to Hell.
 52136 | Depths:1 | Found a magical portal.
 52145 | WizLab   | Entered Eringya's Formal Garden
 52853 | WizLab   | Found a blossoming altar of Fedhas.
 52854 | WizLab   | Identified Eringya's Annotations on the Alembic
 53182 | Depths:1 | Identified the +3 troll leather armour of a bailey {Rampage
                  | rPois rC+ Regen+ Dex+2}
 53525 | Depths:1 | Found Paheazinn's Jewellery Boutique.
 53525 | Depths:1 | Found Enlizus's Book Emporium.
 53526 | Depths:1 | Found Meiqug's Book Emporium.
 53535 | Depths:1 | Bought a manual of Hexes for 1040 gold pieces
 53541 | Depths:1 | Learned a level 5 spell: Silence
 53677 | Depths:2 | Found Dofai's Book Shoppe.
 53685 | Depths:2 | Reached skill level 1 in Hexes
 53767 | Depths:2 | Reached skill level 5 in Throwing
 53873 | Depths:2 | Noticed a juggernaut
 53884 | Depths:2 | Killed a juggernaut
 53885 | Depths:2 | Reached skill level 15 in Shields
 53895 | Depths:2 | Noticed a juggernaut
 53909 | Depths:2 | Killed a juggernaut
 53920 | Depths:2 | Found a one-way gate leading to the halls of Pandemonium.
 53927 | Depths:2 | Noticed a juggernaut
 53930 | Depths:2 | Noticed a juggernaut
 53932 | Depths:2 | Noticed a dread lich
 53942 | Depths:2 | Killed a juggernaut
 53943 | Depths:2 | Killed a dread lich
 53944 | Depths:2 | Reached skill level 5 in Hexes
 53946 | Depths:2 | Noticed a dread lich
 53953 | Depths:2 | Killed a dread lich
 53953 | Depths:2 | Killed a juggernaut
 53954 | Depths:2 | Reached skill level 5 in Air Magic
 53962 | Depths:2 | Identified the +1 ring mail of Buazaele {-Tele Int+6}
 53984 | Depths:2 | Found a candlelit altar of Ignis.
 54008 | Depths:2 | Identified the +2 fire dragon scales of the Unbroken {rF++
                  | rC- Int+2}
 54042 | Depths:2 | Noticed the Enchantress
 54055 | Depths:2 | Killed the Enchantress
 54136 | Depths:2 | Reached XP level 25. HP: 252/253 MP: 21/45
 54590 | Depths:2 | Identified the +0 plate armour of the Stallion {Str+5}
 54621 | Depths:2 | Found a one-way gateway to a ziggurat.
 55745 | Depths:3 | Found a gateway to a bazaar.
 56474 | Depths:3 | Found a one-way gate to the infinite horrors of the Abyss.
 56577 | Bazaar   | Entered a bazaar
 56583 | Bazaar   | Found Vukifil's Magic Scroll Boutique.
 56593 | Bazaar   | Bought a scroll of teleportation for 30 gold pieces
 56605 | Bazaar   | Found Ekkat's Antique Armour Shoppe.
 56622 | Bazaar   | Found Hiuczyph's Book Boutique.
 56639 | Bazaar   | Found Qina's Jewellery Emporium.
 56661 | Bazaar   | Bought a scroll of vulnerability for 40 gold pieces
 56676 | Bazaar   | Bought a polished ring mail for 171 gold pieces
 56676 | Bazaar   | Identified the +1 ring mail "Vicat" {Will+ Stlth+} (You
                  | bought it in a shop in a bazaar)
 56676 | Bazaar   | Bought a pair of jewelled boots for 180 gold pieces
 56676 | Bazaar   | Identified the +2 pair of boots of the Several Dreams {Harm
                  | Slay+3} (You bought it in a shop in a bazaar)
 56728 | Depths:4 | Entered Level 4 of the Depths
 56976 | Depths:4 | Found a flickering gateway to a bazaar.
 57023 | Depths:4 | Found a gate to the Realm of Zot.
 57146 | Depths:4 | Found Reinkig's Distillery.
 57225 | Bazaar   | Entered a bazaar
 57241 | Bazaar   | Found Biophifim's Magic Scroll Shoppe.
 57276 | Bazaar   | Found Myumne's Armour Shoppe.
 57276 | Bazaar   | Found Camnef's Antique Armour Emporium.
 57309 | Bazaar   | Bought a pair of glowing boots for 157 gold pieces
 57309 | Bazaar   | Bought an embroidered cloak for 157 gold pieces
 57309 | Bazaar   | Bought an ichor-stained scale mail for 189 gold pieces
 57309 | Bazaar   | Identified the +1 scale mail "Zygaihe" {Dex+2} (You bought
                  | it in a shop in a bazaar)
 57341 | Bazaar   | Bought a scroll of vulnerability for 52 gold pieces
 57341 | Bazaar   | Bought a scroll of acquirement for 676 gold pieces
 57341 | Bazaar   | Bought a scroll of immolation for 52 gold pieces
 57341 | Bazaar   | Bought a scroll of teleportation for 39 gold pieces
 57341 | Bazaar   | Bought a scroll of teleportation for 39 gold pieces
 57341 | Bazaar   | Bought a scroll of vulnerability for 52 gold pieces
 57341 | Bazaar   | Bought a scroll of fog for 52 gold pieces
 57346 | Bazaar   | Acquired the Meditations on Translocation
 57352 | Bazaar   | Learned a level 3 spell: Volatile Blastmotes
 57359 | Bazaar   | Learned a level 6 spell: Dispersal
 57364 | Bazaar   | Learned a level 4 spell: Iskenderun's Mystic Blast
 57373 | Bazaar   | Learned a level 8 spell: Disjunction
 57381 | Bazaar   | Learned a level 7 spell: Enfeeble
 57709 | Depths:4 | Found Westroo's General Store.
 57714 | Depths:4 | Bought a scroll of fog for 64 gold pieces
 57714 | Depths:4 | Bought a potion of resistance for 160 gold pieces
 57752 | Depths:4 | Reached XP level 26. HP: 257/261 MP: 37/46
 57956 | Depths:4 | Bought a potion of magic for 168 gold pieces
 57956 | Depths:4 | Bought a potion of haste for 210 gold pieces
 58087 | Depths:4 | Found a portal to a secret trove of treasure.
 58098 | Depths:4 | You paid a toll of 7 scrolls of fear to enter a treasure
                  | trove
 58099 | Trove    | Entered a treasure trove
 58101 | Trove    | Identified the +1 ring mail of Inviolability {*Slow rF+ rC+
                  | rCorr}
 58101 | Trove    | Identified the +5 chain mail of Sunlight {rPois Will+}
 58101 | Trove    | Identified the +0 pair of boots of Wrong Decisions {rN+
                  | Will+}
 58102 | Trove    | Identified the +13 crystal plate armour "Tupsi" {rElec
                  | rN+++ Str-3}
 58102 | Trove    | Identified the +2 robe of the Pits of Slime {+Blink
                  | Archmagi}
 58103 | Trove    | Identified the +2 pair of gloves "Xein Caduy" {rPois}
 58103 | Trove    | Identified the +4 tower shield of Zoonkoq {rElec rC+ Will-
                  | Int+2}
 58103 | Trove    | Identified the +4 helmet "Nuntoqagg" {rElec Stlth+}
 58103 | Trove    | Identified the orb of Dogmatism {guile, rElec rCorr Str-5}
 58571 | Slime:1  | Entered Level 1 of the Pits of Slime
 58835 | Slime:3  | Reached skill level 10 in Hexes
 59100 | Slime:5  | Entered Level 5 of the Pits of Slime
 59817 | Slime:5  | Identified the Almanac of Cryomancy and Sciomancy
 59825 | Slime:5  | Noticed the Royal Jelly
 59899 | Slime:5  | Killed the Royal Jelly
 59964 | Slime:5  | Identified the +0 pair of gloves "Naicsouk" {rN+ Stlth+}
 59970 | Slime:5  | Identified the staff of Eternal Night {^Drain rPois rCorr
                  | Dex+6 Conj Alchemy}
 60051 | Slime:5  | Got a slimy rune of Zot
 60718 | Zot:1    | Entered Level 1 of the Realm of Zot
 61201 | Zot:1    | Found a transporter.
 61327 | Zot:1    | Found a transporter.
 61327 | Zot:1    | Found the +0 mask of the Dragon {Will+ Slay+3 SInv}
 61441 | Zot:1    | Reached skill level 15 in Translocations
 62238 | Zot:2    | Reached skill level 10 in Throwing
 62500 | Zot:2    | Reached XP level 27. HP: 266/266 MP: 30/46
 63623 | Zot:3    | Found the +4 dragonskin cloak
 63623 | Zot:3    | Noticed Tiamat
 64040 | Zot:3    | Killed Tiamat
 64690 | Zot:4    | Reached skill level 15 in Hexes
 65963 | Vaults:5 | Entered Level 5 of the Vaults
 65963 | Vaults:5 | Identified the orb "Lenut" {*channel, Rampage rN+}
 65963 | Vaults:5 | Noticed Frederick
 65997 | Vaults:5 | Killed Frederick
 66249 | Vaults:5 | Noticed a dread lich
 66262 | Vaults:5 | Killed a dread lich
 66292 | Vaults:5 | Identified the +4 mace of Tortured Reinforcement {elec,
                  | rElec rF+ Stlth+}
 66448 | Vaults:5 | Found Qenehius's Jewellery Boutique.
 66450 | Vaults:5 | Identified the +2 robe of the Abyss {Int+3 Stlth+}
 66586 | Vaults:5 | Found Haatih's Distillery.
 66590 | Vaults:5 | Bought 2 potions of haste for 340 gold pieces
 66590 | Vaults:5 | Bought a potion of lignification for 51 gold pieces
 66590 | Vaults:5 | Bought a potion of curing for 51 gold pieces
 66590 | Vaults:5 | Bought a potion of mutation for 136 gold pieces
 66590 | Vaults:5 | Bought a potion of haste for 170 gold pieces
 66590 | Vaults:5 | Bought a potion of brilliance for 68 gold pieces
 66590 | Vaults:5 | Bought a potion of ambrosia for 136 gold pieces
 66590 | Vaults:5 | Bought a potion of heal wounds for 85 gold pieces
 66592 | Vaults:5 | Found Guugyafi's Book Shop.
 66623 | Vaults:5 | Found Vuagreur's Jewellery Boutique.
 66623 | Vaults:5 | Found Pueleuss's Antique Armour Shoppe.
 66672 | Vaults:5 | Got a silver rune of Zot
 66852 | Vaults:5 | Identified the +0 scale mail of the Fiend {rC+ rCorr
                  | Stlth+}
 67569 | D:3      | Killed Grinder
 68059 | D:10     | Killed Bizboz's ghost
 68185 | Lair:1   | Killed Bizboz's ghost
 68303 | Swamp:1  | Killed Sp3rw3r's ghost
 68925 | Elf:2    | Identified the blade talisman of Fozxy {rElec rCorr Dex-4
                  | SInv}
 69366 | Elf:3    | Killed Lamitaj's ghost
 69950 | Zig:1    | Entered Level 1 of a ziggurat
 69967 | Zig:2    | Entered Level 2 of a ziggurat
 69993 | Zig:3    | Entered Level 3 of a ziggurat
 70001 | Zig:3    | Identified the +0 scale mail of the Hidden Vale {Str+4}
 70078 | Zig:4    | Entered Level 4 of a ziggurat
 70116 | Zig:5    | Entered Level 5 of a ziggurat
 70120 | Zig:5    | Paralysed by an air elemental for 1 turns
 70233 | Zig:6    | Entered Level 6 of a ziggurat
 70254 | Zig:6    | Identified the +5 ring mail "Vulem" {Rampage Will+ Int+3
                  | Stlth+}
 70254 | Zig:6    | Identified the +9 falchion "Dragon's Tongue" {elec, Fly
                  | rElec Str+2 Stlth-}
 70326 | Zig:7    | Entered Level 7 of a ziggurat
 70398 | Zig:8    | Entered Level 8 of a ziggurat
 70405 | Zig:8    | Identified the Vellum of the Chickpea
 70407 | Zig:8    | Noticed Doublu the pandemonium lord
 70413 | Zig:8    | Identified the +3 great sword "Ogreslayer" {elec, Will++
                  | Str+6}
 70420 | Zig:8    | Killed Doublu the pandemonium lord
 70432 | Zig:8    | Learned a level 8 spell: Discord
 70503 | Zig:9    | Entered Level 9 of a ziggurat
 70560 | Zig:9    | Identified the +6 short sword of the Hurtling Scorpion
                  | {freeze, rF+ Will- rCorr Int+3}
 70672 | Zig:10   | Entered Level 10 of a ziggurat
 70682 | Zig:10   | Found the +2 pair of slick slippers {slick, slippery, EV+4}
 70685 | Zig:10   | Noticed Arinut the pandemonium lord
 70716 | Zig:10   | Killed Arinut the pandemonium lord
 70717 | Zig:10   | Identified the +4 hand axe of Duaced {protect, Dex+5}
 70723 | Zig:10   | Identified the staff of the Slimy God {rElec rN+++ Str-3
                  | Stlth- Necro Air}
 70942 | Depths:4 | Bought a potion of ambrosia for 168 gold pieces
 70942 | Depths:4 | Bought a potion of might for 84 gold pieces
 70942 | Depths:4 | Bought a potion of lignification for 63 gold pieces
 70942 | Depths:4 | Bought a potion of magic for 168 gold pieces
 70942 | Depths:4 | Bought a potion of mutation for 168 gold pieces
 71053 | Depths:2 | Identified the +2 quarterstaff "Xuag" {speed, rF+++}
 71080 | Pan      | Entered Pandemonium
 71245 | Pan      | Noticed Gudo the pandemonium lord
 71267 | Pan      | Killed Gudo the pandemonium lord
 71597 | Pan      | Noticed Zaetugoc the pandemonium lord
 71597 | Pan      | Identified the +1 leather armour of Sorcery {rPois Int+4
                  | Dex+2}
 71609 | Pan      | Killed Zaetugoc the pandemonium lord
 71667 | Pan      | Noticed Ikikka Roti the pandemonium lord
 71675 | Pan      | Killed Ikikka Roti the pandemonium lord
 71995 | Pan      | Entered the realm of Gloorx Vloq.
 72218 | Pan      | Noticed Gloorx Vloq
 72232 | Pan      | Killed Gloorx Vloq
 72296 | Pan      | Got a dark rune of Zot
 72519 | Pan      | Found a huge runed translucent gate.
 72520 | Pan      | Found a huge runed translucent gate.
 72521 | Pan      | Found a huge runed translucent gate.
 72521 | Pan      | Found a huge runed translucent gate.
 72521 | Pan      | Found a huge runed translucent gate.
 72521 | Pan      | Found a huge runed translucent gate.
 72521 | Pan      | Found a huge runed translucent gate.
 72527 | Pan      | Noticed Vimpar Tyro the pandemonium lord
 72542 | Pan      | Killed Vimpar Tyro the pandemonium lord
 72659 | Pan      | Entered the realm of Cerebov.
 72707 | Pan      | Reached skill level 15 in Throwing
 73081 | Pan      | Found the +6 sword of Cerebov {flame}
 73081 | Pan      | Noticed Cerebov
 73110 | Pan      | Killed Cerebov
 73143 | Pan      | Identified Ziffepp's Exposition on Sandy Rime
 73210 | Pan      | Identified the +2 cloak of Divine Intervention {Dex+5}
 73248 | Pan      | Got a fiery rune of Zot
 73264 | Pan      | Identified the +0 chain mail of the Heavens {rF+ rN+ Will+
                  | Dex+4}
 73291 | Pan      | Identified the +3 arbalest of Responsibility {speed, rPois
                  | Str+2 Int-3}
 73292 | Pan      | Identified the +6 spear of Earthquakes {speed, rN++}
 73292 | Pan      | Identified the staff of Hupahig {Int+2 Conj}
 73401 | Pan      | Entered the realm of Mnoleg.
 73442 | Pan      | Reached skill level 15 in Spellcasting
 73658 | Pan      | Gained mutation: You occasionally lose the ability to drink
                  | potions when taking damage. [a cacodemon]
 73678 | Pan      | Gained mutation: Your body sometimes deteriorates upon
                  | taking damage. [a cacodemon]
 73881 | Pan      | Noticed Mnoleg
 73900 | Pan      | Killed Mnoleg
 73935 | Pan      | Reached skill level 1 in Invocations
 73963 | Pan      | Got a glowing rune of Zot
 73981 | Pan      | Reached skill level 2 in Invocations
 74041 | Pan      | Lost mutation: You occasionally lose the ability to drink
                  | potions when taking damage. [potion of mutation]
 74041 | Pan      | Lost mutation: You possess an exceptional clarity of mind.
                  | [potion of mutation]
 74041 | Pan      | Lost mutation: You are covered in fur. (AC +1) [potion of
                  | mutation]
 74041 | Pan      | Gained mutation: Your mind is acute. (Int +4, Str/Dex -1)
                  | [potion of mutation]
 74060 | Pan      | Reached skill level 3 in Invocations
 74142 | Pan      | Reached skill level 4 in Invocations
 74243 | Pan      | Noticed Ciesusab the pandemonium lord
 74254 | Pan      | Found an exit through the horrors of the Abyss.
 74317 | Pan      | Reached skill level 5 in Invocations
 74436 | Pan      | Entered the realm of Lom Lobon.
 74481 | Pan      | Reached skill level 6 in Invocations
 74672 | Pan      | Got a magical rune of Zot
 74673 | Pan      | Noticed Lom Lobon
 74689 | Pan      | Killed Lom Lobon
 74690 | Pan      | Reached skill level 7 in Invocations
 74773 | Pan      | Learned a level 3 spell: Passwall
 74816 | Pan      | Identified the +11 orcbow of Vehuhom {drain, *Corrode
                  | Dex+6}
 74855 | Pan      | Reached skill level 1 in Earth Magic
 74949 | Pan      | Reached skill level 8 in Invocations
 74995 | Pan      | Found an exit through the horrors of the Abyss.
 75082 | Pan      | Noticed Luziessi the pandemonium lord
 75133 | Pan      | Killed Luziessi the pandemonium lord
 75143 | Pan      | Reached skill level 9 in Invocations
 75165 | Pan      | Got a demonic rune of Zot
 75215 | Pan      | Found an exit through the horrors of the Abyss.
 75236 | Pan      | Took an exit into the Abyss.
 75236 | Abyss:1  | Escaped into the Abyss
 75429 | Abyss:3  | Reached skill level 10 in Invocations
 75616 | Abyss:3  | Found a corrupted altar of Lugonu.
 75663 | Abyss:3  | Reached skill level 11 in Invocations
 75681 | Abyss:3  | Got an abyssal rune of Zot
 75693 | Depths:3 | Escaped the Abyss
 75804 | Hell     | Entered the Vestibule of Hell
 75812 | Hell     | Noticed Geryon
 75853 | Hell     | Killed Geryon
 75885 | Hell     | Reached skill level 12 in Invocations
 75926 | Hell     | Found a gateway to the decaying netherworld of Tartarus.
 76085 | Hell     | Found a gateway to the Iron City of Dis.
 76109 | Dis:1    | Entered Level 1 of the Iron City of Dis
 76124 | Dis:1    | Reached skill level 13 in Invocations
 76831 | Dis:5    | Noticed an ancient lich
 76836 | Dis:5    | Killed an ancient lich
 76918 | Dis:5    | Reached skill level 14 in Invocations
 77314 | Dis:7    | Entered Level 7 of the Iron City of Dis
 77737 | Dis:7    | Reached skill level 15 in Invocations
 78002 | Dis:7    | Noticed a juggernaut
 78018 | Dis:7    | Killed a juggernaut
 78026 | Dis:7    | Found the +8 orange crystal plate armour {Archmagi, Int+3
                  | Clar}
 78027 | Dis:7    | Identified the ring "Xys Cyp" {AC+4 Dex+2 Stlth+}
 78030 | Dis:7    | Identified the +8 rapier of Woe {freeze, Fly rPois rC+
                  | Dex+4}
 78470 | Dis:7    | Noticed the Serpent of Hell
 78479 | Dis:7    | Killed the Serpent of Hell
 78812 | Dis:7    | Noticed Dispater
 78825 | Dis:7    | Noticed a juggernaut
 78834 | Dis:7    | Killed Dispater
 78835 | Dis:7    | Reached skill level 16 in Invocations
 78842 | Dis:7    | Killed a juggernaut
 78852 | Dis:7    | Identified the staff of the Histrionic God {rF+ SInv Stlth+
                  | Earth}
 78896 | Dis:7    | Got an iron rune of Zot
 79229 | Tar:1    | Entered Level 1 of Tartarus
 79839 | Tar:3    | Found a runed translucent door.
 80069 | Tar:5    | Reached skill level 17 in Invocations
 80289 | Tar:7    | Entered Level 7 of Tartarus
 80443 | Tar:7    | Reached skill level 18 in Invocations
 80693 | Tar:7    | Identified the +0 helmet "Tinaiv" {Dex+4}
 80861 | Tar:7    | Noticed Ereshkigal
 80891 | Tar:7    | Killed Ereshkigal
 80892 | Tar:7    | Reached skill level 19 in Invocations
 80919 | Tar:7    | Identified the cursed scarf "Gaze Upon Infinity" {rC+ rF+,
                  | Self, Dev} (You found it on level 4 of the Spider Nest)
 80919 | Tar:7    | Identified the cursed +2 pair of gloves "Ensconced
                  | Vexation" {Str+3, Melee, Bglg} (You found it in the
                  | Desolation of Salt)
 81036 | Tar:7    | Got a bone rune of Zot
 81094 | Tar:7    | Identified the Catalogue of the Beguiling Glacier
 81094 | Tar:7    | Noticed an ancient lich
 81094 | Tar:7    | Noticed an ancient lich
 81251 | Hell     | Found a gateway to the freezing wastes of Cocytus.
 81284 | Coc:1    | Entered Level 1 of Cocytus
 81485 | Coc:2    | Reached skill level 20 in Invocations
 81930 | Coc:3    | Paralysed by a wendigo for 1 turns
 82218 | Coc:3    | Reached skill level 21 in Invocations
 82576 | Coc:6    | Reached skill level 22 in Invocations
 83093 | Coc:7    | Entered Level 7 of Cocytus
 83323 | Coc:7    | Reached skill level 23 in Invocations
 83800 | Coc:7    | Paralysed by a wendigo for 1 turns
 83857 | Coc:7    | Noticed Antaeus
 83881 | Coc:7    | Killed Antaeus
 84044 | Coc:7    | Got an icy rune of Zot
 84239 | Coc:7    | Reached skill level 24 in Invocations
 84653 | Hell     | Found a gateway to the ashen valley of Gehenna.
 84773 | Geh:1    | Entered Level 1 of Gehenna
 85100 | Geh:4    | Noticed an ancient lich
 85110 | Geh:4    | Killed an ancient lich
 85289 | Geh:4    | Reached skill level 25 in Invocations
 85420 | Geh:5    | Noticed an ancient lich
 85428 | Geh:5    | Killed an ancient lich
 85554 | Geh:7    | Entered Level 7 of Gehenna
 86070 | Geh:7    | Reached skill level 26 in Invocations
 86251 | Geh:7    | Found the +13 sceptre of Asmodeus
 86251 | Geh:7    | Noticed Asmodeus
 86291 | Geh:7    | Killed Asmodeus
 86379 | Geh:7    | Got an obsidian rune of Zot
 86852 | Tomb:1   | Entered Level 1 of the Tomb of the Ancients
 88012 | Tomb:1   | Noticed a royal mummy
 88025 | Tomb:1   | Killed a royal mummy
 88027 | Tomb:1   | Noticed a royal mummy
 88029 | Tomb:1   | Noticed a royal mummy
 88031 | Tomb:1   | Killed a royal mummy
 88033 | Tomb:1   | Killed a royal mummy
 88267 | Tomb:2   | Noticed a royal mummy
 88268 | Tomb:2   | Noticed a royal mummy
 88299 | Tomb:2   | Noticed Boris
 88304 | Tomb:2   | Noticed a royal mummy
 88310 | Tomb:2   | Killed Boris
 88315 | Tomb:2   | Engulfed by a cloud of excruciating misery

Illustrated notes

Levels and vault maps discovered:
D:1:      dpeg_arrival_rooms_c, layout_basic, serial_shops, shop, moated_statue
D:2:      layout_rooms
D:3:      layout_loops_cross, lemuel_doored_altar, uniq_grinder
D:4:      layout_loops_cross, hangedman_abyss_or_decor_jellyfish_corner
D:5:      layout_loops_cross, uniq_eustachio
D:6:      layout_rooms, temple_hall, serial_shops, nicolae_stop_n_shop_2,
          nicolae_shop_tiny_glass, nicolae_shop_pleasant_corner_grove, shop,
          lightli_church_of_beogh
D:7:      layout_basic, mainiacjoe_overflow_24_doors, serial_shops,
          nicolae_shop_advertising_works [nicolae_subvault_shop_adworks],
          nicolae_square_shop, amcnicky_mini_corridor_feature, minivault_23,
          chequers_serial_rivers_small_a
D:8:      layout_loops_ring, hellmonk_okawaru_the_only_friend_you_need,
          nicolae_overflows_in_rows, serial_bayou, serial_bayou_shore_b,
          serial_bayou_shore_b, serial_bayou_ford_a, serial_bayou_pond_d,
          serial_bayou_shore_b, serial_bayou_pond_d, enter_bailey_4,
          minmay_misc_feat_pillars, nicolae_concentric_dashed_squares_wild
D:9:      layout_roguey, grunt_lair_entry_orc_guard_hut, uniq_erica
D:10:     layout_big_octagon, mainiacjoe_overflow_catch_the_wave,
          gammafunk_ghost_arena, minmay_alternating_orb
D:11:     layout_loops_ring, zombieorc1_lemuel, uniq_urug
D:12:     layout_long_grid, xom_confusion_cloud
D:13:     layout_gridville
D:14:     gammafunk_beogh_shrine, layout_irregular_city,
          hangedman_vaults_entry_quadrant_bands, nicolae_wu_jian_wuxing_cycle,
          einodemon_barbed_minivault
D:15:     hangedman_crystal_crosses_colossus [crystal_crosses_arms_two,
          crystal_crosses_arms_one, crystal_crosses_arms_one], serial_shops,
          uniq_nessos
Temple:   hellmonk_temple_forest_ring
Lair:1:   layout_gridlike, ebering_ghost_rock_garden
Lair:2:   layout_chaotic_city, nicolae_swamp_entry_splash_gauntlet,
          nicolae_spider_entry_orb_guardian
Lair:3:   layout_roguey
Lair:4:   layout_cellular_growth, slime_entry_1, basic_altar
Lair:5:   hangedman_lair_in_review, layout_regular_city, wormcave,
          gauntlet_entry_generic, patterned_corridor
Swamp:1:  nicolae_swamp_secret_spriggan_hideout, layout_falls_marsh,
          gammafunk_ghost_necromancy, evilmike_swamp_ruin_house_4, uniq_jorgrun,
          uniq_kirke
Swamp:2:  layout_basic_swamp, nicolae_swamp_long_stream,
          infiniplex_staircase_pool_2, uniq_frances
Swamp:3:  layout_basic_swamp, nicolae_swamp_reclaimed_castle,
          infiniplex_staircase_pool, uniq_bai_suzhen
Swamp:4:  grunt_swamp_rune_castle, layout_basic_swamp, swamp_pool_1_2
Spider:1: layout_spider_delve, portal_ice_cave_entry_pillars_2,
          hangedman_spider_tarantella_strand
Spider:2: layout_cave_pods, nicolae_spider_world_wide_web, uniq_arachne,
          uniq_azrael
Spider:3: layout_spider_delve, uniq_mlioglotl, uniq_aizul
Spider:4: spider_rune_water, special_room [special_room_bee]
Slime:1:  layout_caves
Slime:2:  layout_caves
Slime:3:  layout_caves
Slime:4:  layout_caves
Slime:5:  slime_pit_nicolae_amoeboid
Orc:1:    layout_caves, basic_altar, serial_shops,
          nicolae_shop_just_a_little_nook, uniq_josephine
Orc:2:    st_orc_mages, layout_diamond_mine, basic_altar
Elf:1:    minmay_elf_arrival_plus, layout_rooms, kennysheep_underground_church,
          minmay_shop_star
Elf:2:    nicolae_elf_blades_splatter_lattice
          [nicolae_vaults_blade_armed_guards], layout_loops_cross, nrook_uturn
Elf:3:    minmay_elf_hall, layout_gridlike, gammafunk_ghost_wrathful_warriors,
          minivault_20, uniq_asterion
Vaults:1: nicolae_vaults_house_2, nicolae_vaults_taking_the_gang_shopping,
          ontoclasm_vaults_idyll, dpeg_vaults_monster_box,
          dpeg_vaults_pockets_of_resistance, vaults_room_door_ring,
          hangedman_vaults_variations, nicolae_vaults_little_ls,
          nicolae_vaults_tetromino_Z_1, grunt_vaults_trifunnel, v_pattern_3,
          layout_vaults_big_room, serial_shops, nicolae_shop_hallway_plus,
          nicolae_shop_stone, nicolae_shop_real_fake_doors, uniq_nikola
Vaults:2: nicolae_vaults_closet_pinwheel_5, minmay_crypt_entry_skeletal_spiral,
          nicolae_vaults_diamond_2, v_misc_5, v_alt_pattern_6,
          hangedman_vaults_nails, nicolae_vaults_sightless_eye,
          nicolae_vaults_storage_room_water, v_misc_23, vaults_dpeg_ring,
          nicolae_vaults_doubleplus_tesselated, nicolae_vaults_diamond_1,
          layout_vaults_big_cross, uniq_mara
Vaults:3: v_alt_pattern_2, nicolae_vaults_big_ls, vaults_mumra_lcd,
          nicolae_vaults_statue_guard, nicolae_vaults_little_squares_5,
          vaults_mumra_minichess, layout_vaults_omnigrid, uniq_margery,
          uniq_zenata
Vaults:4: portal_desolation_entry_twin_temple, emtedronai_trogs_sanctum,
          v_misc_30, hangedman_vaults_slither, grunt_vaults_hallway_long,
          nicolae_vaults_stairing_the_circle, nicolae_vaults_oval_intersection,
          nicolae_vaults_stepped_doors, v_misc_23, layout_vaults_maze_bifur,
          uniq_donald
Vaults:5: uniq_frederick
Crypt:1:  layout_gridlike, st_stairs_13, grunt_crypt_arrival_webbed,
          lemuel_upstairs_altar
Crypt:2:  hangedman_hall_of_fallen_heroes, layout_gridlike, hex_intersection,
          eino_tiny_chamber, item_on_display_a, uniq_boris
Crypt:3:  evilmike_haunted_forest
Tomb:1
Tomb:2
Depths:1: layout_basic, mu_enter_wizlab_7, pf_hell_entry_tar_river,
          chequers_serial_rivers_large_b, hangedman_abyss_or_decor_slice,
          chequers_serial_rivers_marsh, minmay_fire_ice_demons,
          serial_bayou_shore_b, minmay_shop_grove
Depths:2: regret_index_infernal_bastille, layout_cave_shapes, enter_ziggurat_d,
          pan_entry, serial_co_window_serial, co_window_paths_a,
          co_window_of_opportunity_a, co_window_paths_b, co_window_paths_a,
          co_window_corner_a, co_window_corner_a, co_window_paths_a,
          co_window_2corner, co_window_2corner, co_window_unsneaky_path_d,
          co_window_corner_cb, glass_columns_b, glass_columns_b,
          glass_columns_b, hell_entry, ebering_dispersal_statue_hall,
          nicolae_stop_n_shop_2, firewood_loft, uniq_enchantress
Depths:3: dreamdust_hydra_shepherd, layout_gridlike, bh_walls_and_bars,
          grunt_mini_vestibule, abyss_entry_crystal, rand_demon_pan_entry_4,
          serial_shops, bzr_entry_road, serial_bayou_lagoon_a
Depths:4: grunt_crosshair, layout_basic, serial_shops, bzr_in_the_mist,
          nicolae_shop_pleasant_corner_grove, nicolae_lakefront_shop,
          enter_trove_3, dk_noncrumbling_4, minmay_room_of_horrors, hell_entry,
          st_stairs_6
Hell
Dis:1:    layout_gridville
Dis:2:    nicolae_hells_demon_pit, layout_regular_city
Dis:3:    layout_regular_city
Dis:4:    layout_subdivisions
Dis:5:    layout_subdivisions, nicolae_dis_grated_feature
Dis:6:    layout_subdivisions
Dis:7:    dis_st
Geh:1:    layout_gehenna_lava_caves
Geh:2:    layout_gehenna_pools_box
Geh:3:    layout_gehenna_lava_caves
Geh:4:    layout_gehenna_pools_box
Geh:5:    layout_gehenna_pools_triple
Geh:6:    layout_gehenna_lava_caves
Geh:7:    evilmike_geh
Coc:1:    layout_cocytus_delve
Coc:2:    layout_cocytus_water_paths
Coc:3:    nicolae_coc_city_of_iceburg
Coc:4:    layout_ice_bergs
Coc:5:    layout_ice_bergs
Coc:6:    layout_ice_bergs
Coc:7:    coc_hangedman
Tar:1:    layout_honeycomb
Tar:2:    layout_cathedral_of_symmetry
Tar:3:    nicolae_tar_ssshhh
Tar:4:    layout_catacombs
Tar:5:    layout_catacombs, nicolae_tar_cuneiform_two, nicolae_tar_combstack
Tar:6:    layout_catacombs
Tar:7:    tar_grunt_cathedral
Zot:1:    layout_basic, chequers_guarded_unrand_mask_of_the_dragon
Zot:2:    layout_gridlike, grunt_megastairs_5
Zot:3:    layout_cathedral_of_symmetry, regret_index_zotdec_stipple_waver,
          uniq_tiamat
Zot:4:    layout_misc_corridors

Skill      XL: |  1  2  3  4  5  6  7  8  9 10 11 12 13 14 15 16 17 18 19 20 21 22 23 24 25 26 27 |
---------------+----------------------------------------------------------------------------------+-----
Polearms       | 3 4 |  4.2
Translocations | 2 3 4 5 6 8 10 11 12 13 14 15 20 | 20.4
Fighting       | 2 4 5 7 9 10 12 13 14 17 18 19 21 | 21.1
Axes           | 1 3 5 6 9 11 12 14 16 17 18 19 20 21 22 | 22.5
Armour         | 1 2 3 5 6 7 9 10 11 12 14 15 16 18 20 23 | 23.7
Spellcasting   | 2 3 6 8 9 10 11 12 17 | 17.6
Dodging        | 2 3 4 6 7 8 9 10 11 12 | 12.4
Shields        | 2 4 6 8 10 11 12 14 15 16 19 | 19.4
Shapeshifting  | 7 12 14 | 14.5
Evocations     | 3 5 6 |  6.9
Air Magic      | 3 5 |  5.5
Throwing       | 3 5 8 10 19 | 19.3
Hexes          | 5 9 13 20 | 20.5
Invocations    | 26 | 26.8
Earth Magic    | 3 |  3.3

Action                     |  1- 3 |  4- 6 |  7- 9 | 10-12 | 13-15 | 16-18 | 19-21 | 22-24 | 25-27 || total
---------------------------+-------+-------+-------+-------+-------+-------+-------+-------+-------++-------
  Melee: Trident           |   140 |    10 |       |       |       |       |       |       |       ||   150
         Hand axe          |       |   127 |       |       |       |       |       |       |       ||   127
         Broad axe         |       |    11 |   226 |   474 |  1045 |  1007 |       |       |       ||  2763
         Punch             |       |       |       |     1 |       |       |       |       |       ||     1
         Labrys            |       |       |       |       |       |   137 |  1402 |  1563 |  6518 ||  9620
  Throw: Stone             |    15 |    11 |    20 |     7 |     2 |       |       |       |       ||    55
         Dart              |       |    10 |    25 |     5 |    14 |     1 |       |       |     7 ||    62
         Boomerang         |       |       |     4 |       |    23 |    14 |       |       |       ||    41
         Throwing net      |       |       |       |       |       |     3 |     1 |       |     6 ||    10
         Javelin           |       |       |       |       |       |       |       |       |   124 ||   124
   Cast: Apportation       |     1 |       |     1 |     3 |    23 |    46 |    16 |    27 |    76 ||   193
         Momentum Strike   |       |       |     3 |    12 |       |       |       |       |       ||    15
         Lesser Beckoning  |       |       |       |     4 |     4 |    28 |    12 |    25 |    74 ||   147
         Manifold Assault  |       |       |       |       |   102 |   178 |   249 |   158 |   737 ||  1424
         Passage of Golubr |       |       |       |       |     4 |     2 |       |       |       ||     6
         Blink             |       |       |       |       |       |     6 |     2 |       |     7 ||    15
         Gell's Gravitas   |       |       |       |       |       |     3 |       |       |       ||     3
         Vhi's Electric Ch |       |       |       |       |       |       |    19 |    58 |   126 ||   203
         Discord           |       |       |       |       |       |       |       |       |     9 ||     9
         Passwall          |       |       |       |       |       |       |       |       |     7 ||     7
         Iskenderun's Myst |       |       |       |       |       |       |       |       |     2 ||     2
         Silence           |       |       |       |       |       |       |       |       |     1 ||     1
         Disjunction       |       |       |       |       |       |       |       |       |     1 ||     1
         Volatile Blastmot |       |       |       |       |       |       |       |       |     1 ||     1
 Invoke: Curse Item        |       |       |     1 |     6 |     2 |     3 |     3 |     2 |     3 ||    20
         Shatter the Chain |       |       |       |     1 |       |     2 |     2 |     2 |     4 ||    11
Ability: Begin Untransform |       |       |       |       |       |     3 |     1 |       |       ||     4
  Evoke: Wand              |     1 |     1 |     6 |    44 |     4 |    26 |     2 |     9 |    18 ||   111
         Lightning rod     |       |       |       |       |     8 |    13 |       |     1 |     4 ||    26
         Tin of tremorston |       |       |       |       |       |       |       |     2 |       ||     2
         Phantom mirror    |       |       |       |       |       |       |       |     1 |     6 ||     7
         Box of beasts     |       |       |       |       |       |       |       |       |     7 ||     7
         Horn of Geryon    |       |       |       |       |       |       |       |       |     6 ||     6
    Use: Potion            |     1 |     7 |     1 |     6 |     6 |    19 |     6 |     1 |    60 ||   107
         Scroll            |       |     7 |     4 |     4 |     5 |    12 |     4 |     2 |    43 ||    81
   Stab: Sleeping          |     2 |       |       |       |       |       |       |     1 |       ||     3
         Betrayed ally     |       |       |       |     1 |       |       |       |       |       ||     1
         Invisible         |       |       |       |       |     5 |     2 |       |       |    16 ||    23
         Petrifying        |       |       |       |       |     1 |       |       |       |       ||     1
         Distracted        |       |       |       |       |       |     1 |       |       |     7 ||     8
         Held in net/web   |       |       |       |       |       |     1 |       |       |     2 ||     3
         Paralysed         |       |       |       |       |       |       |       |       |     1 ||     1
 Armour: Robe              |    69 |    24 |       |       |       |       |       |       |       ||    93
         Leather armour    |       |    45 |    22 |    10 |       |       |       |       |       ||    77
         Skin              |       |     8 |       |       |       |   602 |    18 |       |    35 ||   663
         Ring mail         |       |    42 |   155 |   298 |   326 |   261 |   332 |   150 |       ||  1564
         Gold dragon scale |       |       |       |       |       |       |       |   452 |  2937 ||  3389
  Dodge: Dodged            |    47 |    73 |   104 |   207 |   384 |   584 |   218 |   269 |  1593 ||  3479
  Block: Buckler           |       |       |       |    68 |       |       |       |       |       ||    68
         Kite shield       |       |       |       |    69 |   390 |   614 |   505 |   836 |  3667 ||  6081
         Reflection        |       |       |       |       |       |       |    36 |    53 |   108 ||   197
         Tower shield      |       |       |       |       |       |       |       |       |   141 ||   141
   Form: Statue            |       |       |       |       |       |     4 |       |       |       ||     4

Table legend: (Time is in decaauts)
 A = Elapsed time spent in this place.
 B = Non-inter-level travel time spent in this place.
 C = Inter-level travel time spent in this place.
 D = Time resting spent in this place.
 E = Time spent auto-exploring this place.
 F = Levels seen in this place.
 G = Mean time per level.
                   A        B        C        D        E       F      G
               +--------+--------+--------+--------+--------+-----+--------+
         Total |  88887 |  80360 |   8527 |  14887 |  31968 | 126 |  705.5 |
       Dungeon |  18222 |  15791 |   2431 |   2502 |   8431 |  15 | 1214.8 |
        Temple |     36 |      4 |     32 |      0 |      0 |   1 |   36.0 |
          Lair |   6882 |   6014 |    868 |    535 |   3588 |   5 | 1376.4 |
         Swamp |   5379 |   5060 |    319 |   1428 |   1639 |   4 | 1344.8 |
   Spider Nest |   6497 |   6384 |    113 |   2410 |   2141 |   4 | 1624.2 |
    Slime Pits |   1654 |   1618 |     36 |    489 |      0 |   5 |  330.8 |
  Orcish Mines |   1293 |    857 |    436 |     47 |      0 |   2 |  646.5 |
   Elven Halls |   5279 |   4774 |    505 |    575 |   2661 |   3 | 1759.7 |
        Vaults |   8788 |   7320 |   1468 |    470 |   4298 |   5 | 1757.6 |
         Crypt |   4069 |   3476 |    593 |     96 |   2203 |   3 | 1356.3 |
          Tomb |    835 |    833 |      2 |    144 |     91 |   2 |  417.5 |
        Depths |   5917 |   4753 |   1164 |    298 |   2656 |   4 | 1479.2 |
          Hell |    609 |    520 |     89 |    124 |      0 |   1 |  609.0 |
           Dis |   2855 |   2762 |     93 |    942 |      0 |   7 |  407.9 |
       Gehenna |   1585 |   1523 |     62 |    533 |      0 |   7 |  226.4 |
       Cocytus |   3144 |   3073 |     71 |   1376 |      0 |   7 |  449.1 |
      Tartarus |   1830 |   1792 |     38 |    378 |    197 |   7 |  261.4 |
           Zot |   4749 |   4548 |    201 |    236 |   3208 |   4 | 1187.2 |
         Abyss |    424 |    424 |      0 |      0 |     10 |   3 |  141.3 |
   Pandemonium |   3844 |   3844 |      0 |    681 |    164 |  19 |  202.3 |
      Ziggurat |    774 |    774 |      0 |    305 |      0 |  10 |   77.4 |
        Bazaar |    325 |    325 |      0 |      0 |      0 |   2 |  162.5 |
         Trove |     47 |     47 |      0 |      0 |      0 |   1 |   47.0 |
        Bailey |    444 |    444 |      0 |    215 |      0 |   1 |  444.0 |
      Ice Cave |   1246 |   1246 |      0 |    806 |      0 |   1 | 1246.0 |
        Wizlab |    800 |    800 |      0 |    110 |    320 |   1 |  800.0 |
    Desolation |    919 |    919 |      0 |    102 |    360 |   1 |  919.0 |
      Gauntlet |    427 |    427 |      0 |     80 |      0 |   1 |  427.0 |
               +--------+--------+--------+--------+--------+-----+--------+

Top non-repeatable levels by time:
   Elf:3: 2310 daAuts
Vaults:1: 2234 daAuts
Vaults:3: 2185 daAuts
Spider:4: 2113 daAuts
Depths:2: 2062 daAuts
 Crypt:3: 2057 daAuts
Spider:2: 2020 daAuts
Vaults:2: 1926 daAuts
 Swamp:1: 1820 daAuts
     D:9: 1744 daAuts
    D:14: 1741 daAuts
   Dis:7: 1726 daAuts
  Lair:1: 1717 daAuts
  Lair:5: 1701 daAuts
 Swamp:3: 1700 daAuts
